Workbook

Sheet Liste
A1: Titres | B1: Réalisateur
B2: Vincent de Brus
B3: Valérie Bruni Tedeschi
B4: Pierre Paul Jacques Henri
A6: La Fugue de Monsieur Perle (1952) | B6: Pierre Gaspard-Huit
A7: La Marche glorieuse (1953) | B7: Pierre Gaspard-Huit
A8: Le Coeur frivole ou La galante comédie (1953) | B8: Pierre Gaspard-Huit
A9: Sophie et le crime (1955) | B9: Pierre Gaspard-Huit
A10: La Mariée est trop belle (1956) | B10: Pierre Gaspard-Huit
A11: Paris canaille (1956) | B11: Pierre Gaspard-Huit
A12: Las Lavanderas de Portugal (1957) | B12: Pierre Gaspard-Huit
A13: Christine (1958) | B13: Pierre Gaspard-Huit
A14: Le Capitaine Fracasse (1961) | B14: Pierre Gaspard-Huit
A15: Shéhérazade (1963) | B15: Pierre Gaspard-Huit
A16: Gibraltar (1964) | B16: Pierre Gaspard-Huit
A17: ¿ belles dents (1966) | B17: Pierre Gaspard-Huit
... A60: Un flic 1972 | B60: Jean-Pierre Melville
B61: Jean-Pierre Melville
A63: Life of Pi (2009) (pre-production) | B63: Jean-Pierre Jeunet
B64: Jean-Pierre Jeunet
A65: Un long dimanche de fiançailles (2004) | B65: Jean-Pierre Jeunet
B66: Jean-Pierre Jeunet
A67: Le fabuleux destin d'Amélie Poulain, Le (2001) | B67: Jean-Pierre Jeunet
B68: Jean-Pierre Jeunet
A69: Alien: La résurrection (1997) | B69: Jean-Pierre Jeunet
B70: Jean-Pierre Jeunet
A71: Cité des enfants perdus, La (1995) | B71: Jean-Pierre Jeunet
B72: Jean-Pierre Jeunet
A73: Delicatessen (1991) | B73: Jean-Pierre Jeunet
B74: Jean-Pierre Jeunet
A75: Foutaises (1989) | B75: Jean-Pierre Jeunet
B76: Jean-Pierre Jeunet
A77: Pas de repos pour Billy Brakko (1984) | B77: Jean-Pierre Jeunet
B78: Jean-Pierre Jeunet
A79: Le bunker de la derniere rafale, Le (1981) | B79: Jean-Pierre Jeunet
B80: Jean-Pierre Jeunet
A81: Manege, Le (1980) | B81: Jean-Pierre Jeunet
B82: Jean-Pierre Jeunet
A83: …vasion, L' (1978) | B83: Jean-Pierre Jeunet
B84: Jean-Philippe Toussaint
A85: La Vie de ch‚teau (1965) | B85: Jean-Paul Rappeneau
A86: Les Mariés de l'an II (1971) | B86: Jean-Paul Rappeneau
A87: Le Sauvage (1975) | B87: Jean-Paul Rappeneau
A88: Tout feu, tout flamme (1981) | B88: Jean-Paul Rappeneau
A89: Cyrano de Bergerac (1990) | B89: Jean-Paul Rappeneau
A90: Le Hussard sur le toit (1995) | B90: Jean-Paul Rappeneau
A91: Bon voyage (2003) | B91: Jean-Paul Rappeneau
B92: Jean-Paul Rappeneau
B93: Jean-Michel Ribes
B94: Jean-Marie Poiré
A95: Opération béton (1954) | B95: Jean-Luc Godard
A96: Une femme coquette (1955) | B96: Jean-Luc Godard
A97: Tous les garçons s'appellent Patrick (1957) | B97: Jean-Luc Godard
A98: Charlotte et son Jules (1960) | B98: Jean-Luc Godard
A99: ¿ bout de souffle (1960) | B99: Jean-Luc Godard
A100: Une histoire d'eau (1961) | B100: Jean-Luc Godard
A101: Une femme est une femme (1961) | B101: Jean-Luc Godard
A102: Laviamoci il cervello (1962) | B102: Jean-Luc Godard
A103: Les Sept péchés capitaux (1962) | B103: Jean-Luc Godard
A104: Vivre sa vie (1962) | B104: Jean-Luc Godard
A105: Le Petit soldat (1963) | B105: Jean-Luc Godard
A106: Les Carabiniers (1963) | B106: Jean-Luc Godard
... A176: Notre musique (2004) | B176: Jean-Luc Godard
B177: Jean-Louis Bertucelli
A178: Diva (1981) | B178: Jean-Jacques Beinex
A179: La Lune dans le caniveau (1983) | B179: Jean-Jacques Beinex
A180: 37∞2 le matin (1986) | B180: Jean-Jacques Beinex
A181: Roselyne et les lions (1989) | B181: Jean-Jacques Beinex
A182: IP5: L'ile aux pachydermes (1992) | B182: Jean-Jacques Beinex
A183: Otaku (1994) | B183: Jean-Jacques Beinex
A184: Mortel transfert (2001) | B184: Jean-Jacques Beinex
A185: Noirs et blancs en couleur (1976) | B185: Jean-Jacques Annaud
A186: Coup de téte (1979) | B186: Jean-Jacques Annaud
A187: La Guerre du feu (1981) | B187: Jean-Jacques Annaud
A188: Der Name der Rose (1986) | B188: Jean-Jacques Annaud
A189: L'Ours (1988) | B189: Jean-Jacques Annaud
... A195: Sa majesté Minor (2007) | B195: Jean-Jacques Annaud
B196: Jean-Charles Tacchella
A197: Les Dragueurs (1959) | B197: Jean Pierre Mocky
A198: Un couple (1960) | B198: Jean Pierre Mocky
A199: Snobs! (1962) | B199: Jean Pierre Mocky
A200: Les Vierges (1963) | B200: Jean Pierre Mocky
A201: Un drÙle de paroissien (1963) | B201: Jean Pierre Mocky
A202: La Grande frousse (1964) | B202: Jean Pierre Mocky
A203: La Bourse et la vie (1966) | B203: Jean Pierre Mocky
A204: Les Compagnons de la marguerite (1966) | B204: Jean Pierre Mocky
A205: La Grande lessive (1968) | B205: Jean Pierre Mocky
A206: L'…talon (1970) | B206: Jean Pierre Mocky
A207: Solo (1970) | B207: Jean Pierre Mocky
A208: L'Albatros (1971) | B208: Jean Pierre Mocky
... A248: Le Bénévole (2006) | B248: Jean Pierre Mocky
B249: Jean Loup Hubert
B250: Jean Claude Brisseau
B251: Jacques Doniol-Valcroze
A252: Lé assassin habite au 21 1942 | B252: Henri-Georges Clouzot
A253: Le corbeau 1943 | B253: Henri-Georges Clouzot
A254: Quai des orfévres 1947 | B254: Henri-Georges Clouzot
A255: Le salaire de la peur 1953 | B255: Henri-Georges Clouzot
A256: Les diaboliques 1955 | B256: Henri-Georges Clouzot
A257: Le mystere Picasso 1956 | B257: Henri-Georges Clouzot
...

Sheet Films français.tab
A1: Titres | B1: Colonne1 | C1: Réalisateur | D1: Nom de 3 mots avec et sans tiret | E1: Noms de 3 mots sans tirets | F1: Noms avec tirets | G1: Noms avec diverses occurences | H1: Colonne5 | I1: Colonne6 | J1: Colonne7 | K1: Colonne4 | L1: Colonne2 | M1: Colonne3 | N1: Trés bon | O1: Colonne5 | P1: Colonne6 | Q1: Années | R1: Colonne7
C2: Vincent de Brus | D2: {=_xlfn.LET(_xlpm.X,TRIM(SUBSTITUTE(C2,"-"," ")), _xlpm.nbr, LEN(_xlpm.X)+1-LEN(SUBSTITUTE(_xlpm.X," ","")),IF(_xlpm.nbr=3,TRIM(C2),""))} -> Vincent de Brus | E2: {=_xlfn.LET(_xlpm.X,TRIM(SUBSTITUTE(C2,"-"," ")), _xlpm.nbr, LEN(_xlpm.X)+1-LEN(SUBSTITUTE(_xlpm.X," ","")),IF(_xlpm.nbr=3,TRIM(C2),""))} -> Vincent de Brus | F2: =LEN(C2)-LEN(SUBSTITUTE(C2,"-","")) -> 0 | G2: =LEN(C2)-LEN(SUBSTITUTE(C2," ","")) -> 2 | H2: ='Films français.tab'!$C$1 -> Réalisateur | I2: {=_xlfn.TEXTBEFORE(_xlfn.TEXTSPLIT(A2,CHAR(10),,TRUE),"1")} -> #VALUE! | J2: {=_xlfn.TEXTJOIN(CHAR(10),,_xlfn.TEXTBEFORE(_xlfn.TEXTSPLIT(A2,CHAR(10),,TRUE),"1"))} -> #VALUE! | K2: =RIGHT(C2,LEN(C2)-FIND(" ",C2))&" "&LEFT(C2,FIND(" ",C2)-1) -> de Brus Vincent | O2: Brus Vincent | Q2: 90/00
C3: Valérie Bruni Tedeschi | D3: {=_xlfn.LET(_xlpm.X,TRIM(SUBSTITUTE(C3,"-"," ")), _xlpm.nbr, LEN(_xlpm.X)+1-LEN(SUBSTITUTE(_xlpm.X," ","")),IF(_xlpm.nbr=3,TRIM(C3),""))} -> Valérie Bruni Tedeschi | E3: {=_xlfn.LET(_xlpm.X,TRIM(SUBSTITUTE(C3,"-"," ")), _xlpm.nbr, LEN(_xlpm.X)+1-LEN(SUBSTITUTE(_xlpm.X," ","")),IF(_xlpm.nbr=3,TRIM(C3),""))} -> Valérie Bruni Tedeschi | F3: =LEN(C3)-LEN(SUBSTITUTE(C3,"-","")) -> 0 | G3: =LEN(C3)-LEN(SUBSTITUTE(C3," ","")) -> 2 | H3: ='Films français.tab'!$C$1 -> Réalisateur | I3: {=_xlfn.TEXTBEFORE(_xlfn.TEXTSPLIT(A3,CHAR(10),,TRUE),"1")} -> #VALUE! | K3: =RIGHT(C3,LEN(C3)-FIND(" ",C3))&" "&LEFT(C3,FIND(" ",C3)-1) -> Bruni Tedeschi Valérie | O3: Tedeschi Valérie | Q3: 90/00
A4: La métamorphose des cloportes 1965_x000B_La horse 1970_x000B_Le chat 1971_x000B_La veuve Couderc 1971_x000B_Le fils 1973_x000B_Le train1973_x000B_La race des seigneurs 1974_x000B_Adieu poulet ! 1975_x000B_Le toubib 1979_x000B_Une étrange affaire 1981_x000B_LéEtoile du Nord 1982_x000B_Léami de Vincent 1983_x000B_Léhomme aux yeux déargent 1985_x000B_Cours privé 1986_x000B_Noyade interdite 1987 | B4: {=TRANSPOSE(_xlfn.TEXTSPLIT(A4,CHAR(11)))} -> #VALUE! | C4: Pierre Granier-Deferre | D4: {=_xlfn.LET(_xlpm.X,TRIM(SUBSTITUTE(C4,"-"," ")), _xlpm.nbr, LEN(_xlpm.X)+1-LEN(SUBSTITUTE(_xlpm.X," ","")),IF(_xlpm.nbr=3,TRIM(C4),""))} -> Pierre Granier-Deferre | E4: {=_xlfn.LET(_xlpm.X,TRIM(SUBSTITUTE(C4,"-"," ")), _xlpm.nbr, LEN(_xlpm.X)+1-LEN(SUBSTITUTE(_xlpm.X," ","")),IF(_xlpm.nbr=3,TRIM(C4),""))} -> Pierre Granier-Deferre | F4: =LEN(C4)-LEN(SUBSTITUTE(C4,"-","")) -> 1 | G4: =LEN(C4)-LEN(SUBSTITUTE(C4," ","")) -> 1 | H4: ='Films français.tab'!$C$1 -> Réalisateur | I4: {=_xlfn.TEXTBEFORE(_xlfn.TEXTSPLIT(A4,CHAR(10),,TRUE),"1")} -> La métamorphose des cloportes | K4: =RIGHT(C4,LEN(C4)-FIND(" ",C4))&" "&LEFT(C4,FIND(" ",C4)-1) -> Granier-Deferre Pierre | L4: ** | N4: ** | O4: Deferre Pierre | Q4: 60/70
C5: Pierre Paul Jacques Henri | D5: Pierre Paul Jacques Henri | E5: {=_xlfn.LET(_xlpm.X,TRIM(SUBSTITUTE(C5,"-"," ")), _xlpm.nbr, LEN(_xlpm.X)+1-LEN(SUBSTITUTE(_xlpm.X," ","")),IF(_xlpm.nbr=3,TRIM(C5),""))} | F5: =LEN(C5)-LEN(SUBSTITUTE(C5,"-","")) -> 0 | G5: =LEN(C5)-LEN(SUBSTITUTE(C5," ","")) -> 3 | H5: ='Films français.tab'!$C$1 -> Réalisateur | I5: {=_xlfn.TEXTBEFORE(_xlfn.TEXTSPLIT(A5,CHAR(10),,TRUE),"1")} -> #VALUE! | K5: =RIGHT(C5,LEN(C5)-FIND(" ",C5))&" "&LEFT(C5,FIND(" ",C5)-1) -> Paul Jacques Henri Pierre
E6: {=_xlfn.LET(_xlpm.X,TRIM(SUBSTITUTE(C6,"-"," ")), _xlpm.nbr, LEN(_xlpm.X)+1-LEN(SUBSTITUTE(_xlpm.X," ","")),IF(_xlpm.nbr=3,TRIM(C6),""))} | F6: =LEN(C6)-LEN(SUBSTITUTE(C6,"-","")) -> 0 | G6: =LEN(C6)-LEN(SUBSTITUTE(C6," ","")) -> 0 | H6: ='Films français.tab'!$C$1 -> Réalisateur | I6: {=_xlfn.TEXTBEFORE(_xlfn.TEXTSPLIT(A6,CHAR(10),,TRUE),"1")} -> #VALUE!
A7: La Fugue de Monsieur Perle (1952)_x000B_La Marche glorieuse (1953)_x000B_Le Coeur frivole ou La galante comédie (1953)_x000B_Sophie et le crime (1955)_x000B_La Mariée est trop belle (1956)_x000B_Paris canaille (1956)_x000B_Las Lavanderas de Portugal (1957)_x000B_Christine (1958)_x000B_Le Capitaine Fracasse (1961)_x000B_Shéhérazade (1963)_x000B_Gibraltar (1964)_x000B_¿ belles dents (1966)_x000B_Ultimul Mohican (1968)_x000B_Vinatorul de cerbi (1969) | C7: Pierre Gaspard-Huit | D7: {=_xlfn.LET(_xlpm.X,TRIM(SUBSTITUTE(C7,"-"," ")), _xlpm.nbr, LEN(_xlpm.X)+1-LEN(SUBSTITUTE(_xlpm.X," ","")),IF(_xlpm.nbr=3,TRIM(C7),""))} -> Pierre Gaspard-Huit | E7: {=_xlfn.LET(_xlpm.X,TRIM(SUBSTITUTE(C7,"-"," ")), _xlpm.nbr, LEN(_xlpm.X)+1-LEN(SUBSTITUTE(_xlpm.X," ","")),IF(_xlpm.nbr=3,TRIM(C7),""))} -> Pierre Gaspard-Huit | F7: =LEN(C7)-LEN(SUBSTITUTE(C7,"-","")) -> 1 | G7: =LEN(C7)-LEN(SUBSTITUTE(C7," ","")) -> 1 | H7: ='Films français.tab'!$C$1 -> Réalisateur | I7: {=_xlfn.TEXTBEFORE(_xlfn.TEXTSPLIT(A7,CHAR(10),,TRUE),"1")} -> La Fugue de Monsieur Perle ( | K7: =RIGHT(C7,LEN(C7)-FIND(" ",C7))&" "&LEFT(C7,FIND(" ",C7)-1) -> Gaspard-Huit Pierre | N7: Colonne1 | O7: Huit Pierre
A8: Les jeux de léamour 1960_x000B_Le farceur 1960_x000B_Léamant de cinq jours 1961_x000B_Sept péchés capitaux (la gourmandise) 1962_x000B_Cartouche 1962_x000B_Les veinards (la vedette) 1962_x000B_Léhomme de Rio 1964_x000B_Les tribulations déunn chinois en Chine 1965_x000B_Un monsieur de compagnie 1965_x000B_Le roi de coeur 1966_x000B_Le plus vieux métier du monde (Mlle Mimi) 1967_x000B_Le diable par la queue 1969_x000B_Les caprices de Marie 1970_x000B_La poudre déescampette 1971_x000B_Chere Louise 1962_x000B_Le magnifique 1973_x000B_Léincorrigible 1975_x000B_Julie Pot de Colle 1977_x000B_Tendre Poulet 1978_x000B_Le cavaleur 1979_x000B_On a volé la cuisse de Jupiter 1980_x000B_Psy 1981_x000B_LéAfricain 1983_x000B_La gitane 1986_x000B_Chuans 1988_x000B_Le mille et une nuits 1990_x000B_Clés du paradis 1991_x000B_Le Bossu 1997_x000B_Amazone 2000_x000B_Vipere au poing 2004 | C8: Philippe de Broca | D8: {=_xlfn.LET(_xlpm.X,TRIM(SUBSTITUTE(C8,"-"," ")), _xlpm.nbr, LEN(_xlpm.X)+1-LEN(SUBSTITUTE(_xlpm.X," ","")),IF(_xlpm.nbr=3,TRIM(C8),""))} -> Philippe de Broca | E8: {=_xlfn.LET(_xlpm.X,TRIM(SUBSTITUTE(C8,"-"," ")), _xlpm.nbr, LEN(_xlpm.X)+1-LEN(SUBSTITUTE(_xlpm.X," ","")),IF(_xlpm.nbr=3,TRIM(C8),""))} -> Philippe de Broca | F8: =LEN(C8)-LEN(SUBSTITUTE(C8,"-","")) -> 0 | G8: =LEN(C8)-LEN(SUBSTITUTE(C8," ","")) -> 2 | H8: ='Films français.tab'!$C$1 -> Réalisateur | I8: {=_xlfn.TEXTBEFORE(_xlfn.TEXTSPLIT(A8,CHAR(10),,TRUE),"1")} -> Les jeux de léamour | K8: =RIGHT(C8,LEN(C8)-FIND(" ",C8))&" "&LEFT(C8,FIND(" ",C8)-1) -> de Broca Philippe | L8: * | N8: * | O8: Broca Philippe | Q8: 60/70
A9: Le silence de la mer 1947_x000B_Les enfants terribles 1950_x000B_Deux hommes dans Manhattan 1959_x000B_Léon Morin prétre 1961_x000B_Le doulos 1963_x000B_Léainé des Ferchaux 1963_x000B_Le deuxieme souffle 1966_x000B_Le samouraÔ 1967_x000B_Léarmée des ombres 1969_x000B_Le cercle rouge 1970_x000B_Un flic 1972_x000B_ | C9: Jean-Pierre Melville | D9: {=_xlfn.LET(_xlpm.X,TRIM(SUBSTITUTE(C9,"-"," ")), _xlpm.nbr, LEN(_xlpm.X)+1-LEN(SUBSTITUTE(_xlpm.X," ","")),IF(_xlpm.nbr=3,TRIM(C9),""))} -> Jean-Pierre Melville | E9: {=_xlfn.LET(_xlpm.X,TRIM(SUBSTITUTE(C9,"-"," ")), _xlpm.nbr, LEN(_xlpm.X)+1-LEN(SUBSTITUTE(_xlpm.X," ","")),IF(_xlpm.nbr=3,TRIM(C9),""))} -> Jean-Pierre Melville | F9: =LEN(C9)-LEN(SUBSTITUTE(C9,"-","")) -> 1 | G9: =LEN(C9)-LEN(SUBSTITUTE(C9," ","")) -> 1 | H9: ='Films français.tab'!$C$1 -> Réalisateur | I9: {=_xlfn.TEXTBEFORE(_xlfn.TEXTSPLIT(A9,CHAR(10),,TRUE),"1")} -> Le silence de la mer | K9: =RIGHT(C9,LEN(C9)-FIND(" ",C9))&" "&LEFT(C9,FIND(" ",C9)-1) -> Melville Jean-Pierre | L9: * | N9: * | O9: Melville Jean | Q9: 50/60
E10: {=_xlfn.LET(_xlpm.X,TRIM(SUBSTITUTE(C10,"-"," ")), _xlpm.nbr, LEN(_xlpm.X)+1-LEN(SUBSTITUTE(_xlpm.X," ","")),IF(_xlpm.nbr=3,TRIM(C10),""))} | F10: =LEN(C10)-LEN(SUBSTITUTE(C10,"-","")) -> 0 | G10: =LEN(C10)-LEN(SUBSTITUTE(C10," ","")) -> 0 | H10: ='Films français.tab'!$C$1 -> Réalisateur | I10: {=_xlfn.TEXTBEFORE(_xlfn.TEXTSPLIT(A10,CHAR(10),,TRUE),"1")} -> #VALUE!
A11: Life of Pi (2009) (pre-production)_x000B__x000B_Un long dimanche de fiançailles (2004)_x000B__x000B_Le fabuleux destin d'Amélie Poulain, Le (2001)_x000B__x000B_Alien: La résurrection (1997)_x000B__x000B_Cité des enfants perdus, La (1995)_x000B__x000B_Delicatessen (1991)_x000B__x000B_Foutaises (1989)_x000B__x000B_Pas de repos pour Billy Brakko (1984)_x000B__x000B_Le bunker de la derniere rafale, Le (1981)_x000B__x000B_Manege, Le (1980)_x000B__x000B_…vasion, L' (1978) | C11: Jean-Pierre Jeunet | D11: {=_xlfn.LET(_xlpm.X,TRIM(SUBSTITUTE(C11,"-"," ")), _xlpm.nbr, LEN(_xlpm.X)+1-LEN(SUBSTITUTE(_xlpm.X," ","")),IF(_xlpm.nbr=3,TRIM(C11),""))} -> Jean-Pierre Jeunet | E11: {=_xlfn.LET(_xlpm.X,TRIM(SUBSTITUTE(C11,"-"," ")), _xlpm.nbr, LEN(_xlpm.X)+1-LEN(SUBSTITUTE(_xlpm.X," ","")),IF(_xlpm.nbr=3,TRIM(C11),""))} -> Jean-Pierre Jeunet | F11: =LEN(C11)-LEN(SUBSTITUTE(C11,"-","")) -> 1 | G11: =LEN(C11)-LEN(SUBSTITUTE(C11," ","")) -> 1 | H11: ='Films français.tab'!$C$1 -> Réalisateur | I11: {=_xlfn.TEXTBEFORE(_xlfn.TEXTSPLIT(A11,CHAR(10),,TRUE),"1")} -> Life of Pi (2009) (pre-production)_x000B__x000B_Un long dimanche de fiançailles (2004)_x000B__x000B_Le fabuleux destin d'Amélie Poulain, Le (200 | K11: =RIGHT(C11,LEN(C11)-FIND(" ",C11))&" "&LEFT(C11,FIND(" ",C11)-1) -> Jeunet Jean-Pierre | N11: ** | O11: Jeunet Jean
C12: Jean-Philippe Toussaint | D12: {=_xlfn.LET(_xlpm.X,TRIM(SUBSTITUTE(C12,"-"," ")), _xlpm.nbr, LEN(_xlpm.X)+1-LEN(SUBSTITUTE(_xlpm.X," ","")),IF(_xlpm.nbr=3,TRIM(C12),""))} -> Jean-Philippe Toussaint | E12: {=_xlfn.LET(_xlpm.X,TRIM(SUBSTITUTE(C12,"-"," ")), _xlpm.nbr, LEN(_xlpm.X)+1-LEN(SUBSTITUTE(_xlpm.X," ","")),IF(_xlpm.nbr=3,TRIM(C12),""))} -> Jean-Philippe Toussaint | F12: =LEN(C12)-LEN(SUBSTITUTE(C12,"-","")) -> 1 | G12: =LEN(C12)-LEN(SUBSTITUTE(C12," ","")) -> 1 | H12: ='Films français.tab'!$C$1 -> Réalisateur | I12: {=_xlfn.TEXTBEFORE(_xlfn.TEXTSPLIT(A12,CHAR(10),,TRUE),"1")} -> #VALUE! | K12: =RIGHT(C12,LEN(C12)-FIND(" ",C12))&" "&LEFT(C12,FIND(" ",C12)-1) -> Toussaint Jean-Philippe | O12: Toussaint Jean
A13: La Vie de ch‚teau (1965) _x000B_Les Mariés de l'an II (1971)_x000B_Le Sauvage (1975)_x000B_Tout feu, tout flamme (1981) _x000B_Cyrano de Bergerac (1990)_x000B_Le Hussard sur le toit (1995)_x000B_Bon voyage (2003) _x000B_ | C13: Jean-Paul Rappeneau | D13: {=_xlfn.LET(_xlpm.X,TRIM(SUBSTITUTE(C13,"-"," ")), _xlpm.nbr, LEN(_xlpm.X)+1-LEN(SUBSTITUTE(_xlpm.X," ","")),IF(_xlpm.nbr=3,TRIM(C13),""))} -> Jean-Paul Rappeneau | E13: {=_xlfn.LET(_xlpm.X,TRIM(SUBSTITUTE(C13,"-"," ")), _xlpm.nbr, LEN(_xlpm.X)+1-LEN(SUBSTITUTE(_xlpm.X," ","")),IF(_xlpm.nbr=3,TRIM(C13),""))} -> Jean-Paul Rappeneau | F13: =LEN(C13)-LEN(SUBSTITUTE(C13,"-","")) -> 1 | G13: =LEN(C13)-LEN(SUBSTITUTE(C13," ","")) -> 1 | H13: ='Films français.tab'!$C$1 -> Réalisateur | I13: {=_xlfn.TEXTBEFORE(_xlfn.TEXTSPLIT(A13,CHAR(10),,TRUE),"1")} -> La Vie de ch‚teau ( | K13: =RIGHT(C13,LEN(C13)-FIND(" ",C13))&" "&LEFT(C13,FIND(" ",C13)-1) -> Rappeneau Jean-Paul | L13: * | N13: ** | O13: Rappeneau Jean | Q13: 70/80
C14: Jean-Michel Ribes | D14: {=_xlfn.LET(_xlpm.X,TRIM(SUBSTITUTE(C14,"-"," ")), _xlpm.nbr, LEN(_xlpm.X)+1-LEN(SUBSTITUTE(_xlpm.X," ","")),IF(_xlpm.nbr=3,TRIM(C14),""))} -> Jean-Michel Ribes | E14: {=_xlfn.LET(_xlpm.X,TRIM(SUBSTITUTE(C14,"-"," ")), _xlpm.nbr, LEN(_xlpm.X)+1-LEN(SUBSTITUTE(_xlpm.X," ","")),IF(_xlpm.nbr=3,TRIM(C14),""))} -> Jean-Michel Ribes | F14: =LEN(C14)-LEN(SUBSTITUTE(C14,"-","")) -> 1 | G14: =LEN(C14)-LEN(SUBSTITUTE(C14," ","")) -> 1 | H14: ='Films français.tab'!$C$1 -> Réalisateur | I14: {=_xlfn.TEXTBEFORE(_xlfn.TEXTSPLIT(A14,CHAR(10),,TRUE),"1")} -> #VALUE! | J14: {=_xlfn.TEXTAFTER(_xlfn.TEXTSPLIT($A$2,CHAR(10),,TRUE)," ",-1)} -> #VALUE! | K14: =RIGHT(C14,LEN(C14)-FIND(" ",C14))&" "&LEFT(C14,FIND(" ",C14)-1) -> Ribes Jean-Michel | O14: Ribes Jean
C15: Jean-Marie Poiré | D15: {=_xlfn.LET(_xlpm.X,TRIM(SUBSTITUTE(C15,"-"," ")), _xlpm.nbr, LEN(_xlpm.X)+1-LEN(SUBSTITUTE(_xlpm.X," ","")),IF(_xlpm.nbr=3,TRIM(C15),""))} -> Jean-Marie Poiré | E15: {=_xlfn.LET(_xlpm.X,TRIM(SUBSTITUTE(C15,"-"," ")), _xlpm.nbr, LEN(_xlpm.X)+1-LEN(SUBSTITUTE(_xlpm.X," ","")),IF(_xlpm.nbr=3,TRIM(C15),""))} -> Jean-Marie Poiré | F15: =LEN(C15)-LEN(SUBSTITUTE(C15,"-","")) -> 1 | G15: =LEN(C15)-LEN(SUBSTITUTE(C15," ","")) -> 1 | H15: ='Films français.tab'!$C$1 -> Réalisateur | I15: {=_xlfn.TEXTBEFORE(_xlfn.TEXTSPLIT(A15,CHAR(10),,TRUE),"1")} -> #VALUE! | J15: {=_xlfn.TEXTAFTER(_xlfn.TEXTSPLIT($A$2,CHAR(10),,TRUE)," ",-1)} -> #VALUE! | K15: =RIGHT(C15,LEN(C15)-FIND(" ",C15))&" "&LEFT(C15,FIND(" ",C15)-1) -> Poiré Jean-Marie | O15: Poiré Jean
A16: Opération béton (1954) _x000B_Une femme coquette (1955) _x000B_Tous les garçons s'appellent Patrick (1957)_x000B_Charlotte et son Jules (1960)_x000B_¿ bout de souffle (1960)_x000B_Une histoire d'eau (1961)_x000B_Une femme est une femme (1961)_x000B_Laviamoci il cervello (1962) _x000B_Les Sept péchés capitaux (1962) _x000B_Vivre sa vie (1962) _x000B_Le Petit soldat (1963)_x000B_Les Carabiniers (1963)_x000B_Le Mépris (1963)_x000B_Reportage sur Orly (1964) _x000B_Bande ‡ part (1964)_x000B_Les Plus belles escroqueries du monde (1964) _x000B_Une femme mariée (1964) _x000B_Alphaville (1965)_x000B_Paris vu par... (1965) _x000B_Pierrot le fou (1965)_x000B_Masculin, féminin (1966)_x000B_Made in U.S.A. (1966)_x000B_Deux ou trois choses que je sais d'elle (1967)_x000B_Le Plus vieux métier du monde (1967) _x000B_La Chinoise (1967)_x000B_Loin du Vietnam (1967) _x000B_Week End (1967) _x000B_Un film comme les autres (1968)_x000B_Le Gai savoir (1968)_x000B_Cinétracts (1968) _x000B_Sympathy for the Devil (1968) _x000B_Vent d'est (1969) _x000B_Amore e rabbia (1969) _x000B_Vladimir et Rosa (1970) _x000B_Pravda (1970) _x000B_Lotte in Italia (1970) _x000B_British Sounds (1970) _x000B_One P.M. (1972) _x000B_Tout va bien (1972)_x000B_Letter to Jane (1972) _x000B_Numéro deux (1975) _x000B_Comment ça va? (1976) _x000B_Ici et ailleurs (1976) _x000B_Sauve qui peut (1979) _x000B_Lettre ‡ Freddy Buache (1981) _x000B_Scénario du film 'Passion' (1982) _x000B_Passion (1982)_x000B_Prénom Carmen (1984)_x000B_Je vous salue, Marie (1985)_x000B_Détective (1985)_x000B_Soft and Hard (1986) _x000B_Meeting Woody Allen (1986) _x000B_Soigne ta droite (1987) _x000B_King Lear (1987)_x000B_Aria (1987)_x000B_Puissance de la parole (1988) _x000B_On s'est tous défilé (1988) _x000B_Le dernier mot (1988) _x000B_Le rapport Darty (1989) _x000B_Histoire(s) du cinéma: Une histoire seule (1989) _x000B_Histoire(s) du cinéma: Toutes les histoires(1989) _x000B_Comment vont les enfants (1990) _x000B_Nouvelle vague (1990) _x000B_Contre l'oubli (1991) _x000B_Allemagne année 90 neuf zéro (1991) _x000B_Les enfants jouent ‡ la Russie (1993) _x000B_Hélas pour moi (1993)_x000B_Deux fois cinquante ans de cinéma français (1995) _x000B_JLG/JLG - autoportrait de décembre (1995) _x000B_For Ever Mozart (1996) _x000B_The Old Place (1998) _x000B_Histoire(s) du cinéma: Une vague nouvelle (1998) _x000B_Histoire(s) du cinéma: Seul le cinéma (1998) _x000B_Histoire(s) du cinéma: Les signes parmi nous (1998) _x000B_Histoire(s) du cinéma: Le contrÙle de l'univers (1998) _x000B_Histoire(s) du cinéma: La monnaie de l'absolu (1998) _x000B_Histoire(s) du cinéma: Fatale beauté (1998) _x000B_LéOrigine du XXIeme siecle (2000)_x000B_…loge de l'amour (2001)_x000B_Ten Minutes Older: The Cello (2002)_x000B_Moments choisis des histoire(s) du cinéma (2004)_x000B_Notre musique (2004) | C16: Jean-Luc Godard | D16: {=_xlfn.LET(_xlpm.X,TRIM(SUBSTITUTE(C16,"-"," ")), _xlpm.nbr, LEN(_xlpm.X)+1-LEN(SUBSTITUTE(_xlpm.X," ","")),IF(_xlpm.nbr=3,TRIM(C16),""))} -> Jean-Luc Godard | E16: {=_xlfn.LET(_xlpm.X,TRIM(SUBSTITUTE(C16,"-"," ")), _xlpm.nbr, LEN(_xlpm.X)+1-LEN(SUBSTITUTE(_xlpm.X," ","")),IF(_xlpm.nbr=3,TRIM(C16),""))} -> Jean-Luc Godard | F16: =LEN(C16)-LEN(SUBSTITUTE(C16,"-","")) -> 1 | G16: =LEN(C16)-LEN(SUBSTITUTE(C16," ","")) -> 1 | H16: ='Films français.tab'!$C$1 -> Réalisateur | I16: {=_xlfn.TEXTBEFORE(_xlfn.TEXTSPLIT(A16,CHAR(10),,TRUE),"1")} -> Opération béton ( | J16: {=_xlfn.TEXTAFTER(_xlfn.TEXTSPLIT($A$2,CHAR(10),,TRUE)," ",-1)} -> #VALUE! | K16: =RIGHT(C16,LEN(C16)-FIND(" ",C16))&" "&LEFT(C16,FIND(" ",C16)-1) -> Godard Jean-Luc | N16: ** | O16: Godard Jean | Q16: 50/60
C17: Jean-Louis Bertucelli | D17: {=_xlfn.LET(_xlpm.X,TRIM(SUBSTITUTE(C17,"-"," ")), _xlpm.nbr, LEN(_xlpm.X)+1-LEN(SUBSTITUTE(_xlpm.X," ","")),IF(_xlpm.nbr=3,TRIM(C17),""))} -> Jean-Louis Bertucelli | E17: {=_xlfn.LET(_xlpm.X,TRIM(SUBSTITUTE(C17,"-"," ")), _xlpm.nbr, LEN(_xlpm.X)+1-LEN(SUBSTITUTE(_xlpm.X," ","")),IF(_xlpm.nbr=3,TRIM(C17),""))} -> Jean-Louis Bertucelli | F17: =LEN(C17)-LEN(SUBSTITUTE(C17,"-","")) -> 1 | G17: =LEN(C17)-LEN(SUBSTITUTE(C17," ","")) -> 1 | H17: ='Films français.tab'!$C$1 -> Réalisateur | I17: {=_xlfn.TEXTBEFORE(_xlfn.TEXTSPLIT(A17,CHAR(10),,TRUE),"1")} -> #VALUE! | J17: {=_xlfn.TEXTAFTER(_xlfn.TEXTSPLIT($A$2,CHAR(10),,TRUE)," ",-1)} -> #VALUE! | K17: =RIGHT(C17,LEN(C17)-FIND(" ",C17))&" "&LEFT(C17,FIND(" ",C17)-1) -> Bertucelli Jean-Louis | O17: Bertucelli Jean
A18: Diva (1981)_x000B_La Lune dans le caniveau (1983) _x000B_37∞2 le matin (1986)_x000B_Roselyne et les lions (1989) _x000B_IP5: L'ile aux pachydermes (1992) _x000B_Otaku (1994) _x000B_Mortel transfert (2001) | C18: Jean-Jacques Beinex | D18: {=_xlfn.LET(_xlpm.X,TRIM(SUBSTITUTE(C18,"-"," ")), _xlpm.nbr, LEN(_xlpm.X)+1-LEN(SUBSTITUTE(_xlpm.X," ","")),IF(_xlpm.nbr=3,TRIM(C18),""))} -> Jean-Jacques Beinex | E18: {=_xlfn.LET(_xlpm.X,TRIM(SUBSTITUTE(C18,"-"," ")), _xlpm.nbr, LEN(_xlpm.X)+1-LEN(SUBSTITUTE(_xlpm.X," ","")),IF(_xlpm.nbr=3,TRIM(C18),""))} -> Jean-Jacques Beinex | F18: =LEN(C18)-LEN(SUBSTITUTE(C18,"-","")) -> 1 | G18: =LEN(C18)-LEN(SUBSTITUTE(C18," ","")) -> 1 | H18: ='Films français.tab'!$C$1 -> Réalisateur | I18: {=_xlfn.TEXTBEFORE(_xlfn.TEXTSPLIT(A18,CHAR(10),,TRUE),"1")} -> Diva ( | J18: {=_xlfn.TEXTAFTER(_xlfn.TEXTSPLIT($A$2,CHAR(10),,TRUE)," ",-1)} -> #VALUE! | K18: =RIGHT(C18,LEN(C18)-FIND(" ",C18))&" "&LEFT(C18,FIND(" ",C18)-1) -> Beinex Jean-Jacques | L18: * | N18: ** | O18: Beinex Jean | Q18: 80/90
A19: Noirs et blancs en couleur (1976)_x000B_Coup de téte (1979)_x000B_La Guerre du feu (1981)_x000B_Der Name der Rose (1986)_x000B_L'Ours (1988)_x000B_L'Amant (1991)_x000B_Wings of Courage (1995)_x000B_Seven Years in Tibet (1997)_x000B_Enemy at the Gates (2001)_x000B_Deux freres (2004)_x000B_Sa majesté Minor (2007) | C19: Jean-Jacques Annaud | D19: {=_xlfn.LET(_xlpm.X,TRIM(SUBSTITUTE(C19,"-"," ")), _xlpm.nbr, LEN(_xlpm.X)+1-LEN(SUBSTITUTE(_xlpm.X," ","")),IF(_xlpm.nbr=3,TRIM(C19),""))} -> Jean-Jacques Annaud | E19: {=_xlfn.LET(_xlpm.X,TRIM(SUBSTITUTE(C19,"-"," ")), _xlpm.nbr, LEN(_xlpm.X)+1-LEN(SUBSTITUTE(_xlpm.X," ","")),IF(_xlpm.nbr=3,TRIM(C19),""))} -> Jean-Jacques Annaud | F19: =LEN(C19)-LEN(SUBSTITUTE(C19,"-","")) -> 1 | G19: =LEN(C19)-LEN(SUBSTITUTE(C19," ","")) -> 1 | H19: ='Films français.tab'!$C$1 -> Réalisateur | I19: {=_xlfn.TEXTBEFORE(_xlfn.TEXTSPLIT(A19,CHAR(10),,TRUE),"1")} -> Noirs et blancs en couleur ( | J19: {=_xlfn.TEXTAFTER(_xlfn.TEXTSPLIT($A$2,CHAR(10),,TRUE)," ",-1)} -> #VALUE! | K19: =RIGHT(C19,LEN(C19)-FIND(" ",C19))&" "&LEFT(C19,FIND(" ",C19)-1) -> Annaud Jean-Jacques | L19: * | N19: ** | O19: Annaud Jean
C20: Jean-Charles Tacchella | D20: {=_xlfn.LET(_xlpm.X,TRIM(SUBSTITUTE(C20,"-"," ")), _xlpm.nbr, LEN(_xlpm.X)+1-LEN(SUBSTITUTE(_xlpm.X," ","")),IF(_xlpm.nbr=3,TRIM(C20),""))} -> Jean-Charles Tacchella | E20: {=_xlfn.LET(_xlpm.X,TRIM(SUBSTITUTE(C20,"-"," ")), _xlpm.nbr, LEN(_xlpm.X)+1-LEN(SUBSTITUTE(_xlpm.X," ","")),IF(_xlpm.nbr=3,TRIM(C20),""))} -> Jean-Charles Tacchella | F20: =LEN(C20)-LEN(SUBSTITUTE(C20,"-","")) -> 1 | G20: =LEN(C20)-LEN(SUBSTITUTE(C20," ","")) -> 1 | H20: ='Films français.tab'!$C$1 -> Réalisateur | I20: {=_xlfn.TEXTBEFORE(_xlfn.TEXTSPLIT(A20,CHAR(10),,TRUE),"1")} -> #VALUE! | J20: {=_xlfn.TEXTAFTER(_xlfn.TEXTSPLIT($A$2,CHAR(10),,TRUE)," ",-1)} -> #VALUE! | K20: =RIGHT(C20,LEN(C20)-FIND(" ",C20))&" "&LEFT(C20,FIND(" ",C20)-1) -> Tacchella Jean-Charles | N20: * | O20: Tacchella Jean
A21: Les Dragueurs (1959)_x000B_Un couple (1960)_x000B_Snobs! (1962)_x000B_Les Vierges (1963)_x000B_Un drÙle de paroissien (1963)_x000B_La Grande frousse (1964)_x000B_La Bourse et la vie (1966)_x000B_Les Compagnons de la marguerite (1966)_x000B_La Grande lessive (1968)_x000B_L'…talon (1970)_x000B_Solo (1970)_x000B_L'Albatros (1971)_x000B_Chut! (1972)_x000B_L'Ombre d'une chance (1974)_x000B_Un linceul n'a pas de poches (1974)_x000B_L'Ibis rouge (1975)_x000B_Le Roi des bricoleurs (1977)_x000B_Le Témoin (1978)_x000B_Le Piege ‡ cons (1979)_x000B_Litan (1982)_x000B_Y a-t-il un Français dans la salle? (1982)_x000B_¿ mort l'arbitre (1984)_x000B_Le Pactole (1985)_x000B_La Machine ‡ découdre (1986)_x000B_Le Miraculé (1986)_x000B_Agent trouble (1987)_x000B_Nice is Nice (1987)_x000B_Les Saisons du plaisir (1988)_x000B_Une nuit ‡ l'assemblée nationale (1988)_x000B_Divine enfant (1989)_x000B_Il gele en enfer (1990)_x000B_La Vérité qui tue (1991)_x000B_La Méthode Barnol (1991)_x000B_Mocky story (1991)_x000B_Dis-moi qui tu hais (1991)_x000B_Ville ‡ vendre (1992)_x000B_Le Mari de Léon (1993)_x000B_Bonsoir (1994)_x000B_Noir comme le souvenir (1995)_x000B_Alliance cherche doigt (1997)_x000B_Robin des mers (1998)_x000B_Vidange (1998)_x000B_La Candide madame Duff (1999)_x000B_Tout est calme (2000)_x000B_Le Glandeur (2000)_x000B_La Béte de miséricorde (2001)_x000B_Les Araignées de la nuit (2002)_x000B_Le Furet (2003)_x000B_Touristes, oh yes! (2004)_x000B_Grabuge! (2005)_x000B_Le Deal (2006)_x000B_Le Bénévole (2006) | C21: Jean Pierre Mocky | D21: {=_xlfn.LET(_xlpm.X,TRIM(SUBSTITUTE(C21,"-"," ")), _xlpm.nbr, LEN(_xlpm.X)+1-LEN(SUBSTITUTE(_xlpm.X," ","")),IF(_xlpm.nbr=3,TRIM(C21),""))} -> Jean Pierre Mocky | E21: {=_xlfn.LET(_xlpm.X,TRIM(SUBSTITUTE(C21,"-"," ")), _xlpm.nbr, LEN(_xlpm.X)+1-LEN(SUBSTITUTE(_xlpm.X," ","")),IF(_xlpm.nbr=3,TRIM(C21),""))} -> Jean Pierre Mocky | F21: =LEN(C21)-LEN(SUBSTITUTE(C21,"-","")) -> 0 | G21: =LEN(C21)-LEN(SUBSTITUTE(C21," ","")) -> 2 | H21: ='Films français.tab'!$C$1 -> Réalisateur | I21: {=_xlfn.TEXTBEFORE(_xlfn.TEXTSPLIT(A21,CHAR(10),,TRUE),"1")} -> Les Dragueurs ( | J21: {=_xlfn.TEXTAFTER(_xlfn.TEXTSPLIT($A$2,CHAR(10),,TRUE)," ",-1)} -> #VALUE! | K21: =RIGHT(C21,LEN(C21)-FIND(" ",C21))&" "&LEFT(C21,FIND(" ",C21)-1) -> Pierre Mocky Jean | N21: ** | O21: Mocky Jean
C22: Jean Loup Hubert | D22: {=_xlfn.LET(_xlpm.X,TRIM(SUBSTITUTE(C22,"-"," ")), _xlpm.nbr, LEN(_xlpm.X)+1-LEN(SUBSTITUTE(_xlpm.X," ","")),IF(_xlpm.nbr=3,TRIM(C22),""))} -> Jean Loup Hubert | E22: {=_xlfn.LET(_xlpm.X,TRIM(SUBSTITUTE(C22,"-"," ")), _xlpm.nbr, LEN(_xlpm.X)+1-LEN(SUBSTITUTE(_xlpm.X," ","")),IF(_xlpm.nbr=3,TRIM(C22),""))} -> Jean Loup Hubert | F22: =LEN(C22)-LEN(SUBSTITUTE(C22,"-","")) -> 0 | G22: =LEN(C22)-LEN(SUBSTITUTE(C22," ","")) -> 2 | H22: ='Films français.tab'!$C$1 -> Réalisateur | I22: {=_xlfn.TEXTBEFORE(_xlfn.TEXTSPLIT(A22,CHAR(10),,TRUE),"1")} -> #VALUE! | J22: {=_xlfn.TEXTAFTER(_xlfn.TEXTSPLIT($A$2,CHAR(10),,TRUE)," ",-1)} -> #VALUE! | K22: =RIGHT(C22,LEN(C22)-FIND(" ",C22))&" "&LEFT(C22,FIND(" ",C22)-1) -> Loup Hubert Jean | N22: ** | O22: Hubert Jean
C23: Jean Claude Brisseau | D23: {=_xlfn.LET(_xlpm.X,TRIM(SUBSTITUTE(C23,"-"," ")), _xlpm.nbr, LEN(_xlpm.X)+1-LEN(SUBSTITUTE(_xlpm.X," ","")),IF(_xlpm.nbr=3,TRIM(C23),""))} -> Jean Claude Brisseau | E23: {=_xlfn.LET(_xlpm.X,TRIM(SUBSTITUTE(C23,"-"," ")), _xlpm.nbr, LEN(_xlpm.X)+1-LEN(SUBSTITUTE(_xlpm.X," ","")),IF(_xlpm.nbr=3,TRIM(C23),""))} -> Jean Claude Brisseau | F23: =LEN(C23)-LEN(SUBSTITUTE(C23,"-","")) -> 0 | G23: =LEN(C23)-LEN(SUBSTITUTE(C23," ","")) -> 2 | H23: ='Films français.tab'!$C$1 -> Réalisateur | I23: {=_xlfn.TEXTBEFORE(_xlfn.TEXTSPLIT(A23,CHAR(10),,TRUE),"1")} -> #VALUE! | J23: {=_xlfn.TEXTAFTER(_xlfn.TEXTSPLIT($A$2,CHAR(10),,TRUE)," ",-1)} -> #VALUE! | K23: =RIGHT(C23,LEN(C23)-FIND(" ",C23))&" "&LEFT(C23,FIND(" ",C23)-1) -> Claude Brisseau Jean
C24: Jacques Doniol-Valcroze | D24: {=_xlfn.LET(_xlpm.X,TRIM(SUBSTITUTE(C24,"-"," ")), _xlpm.nbr, LEN(_xlpm.X)+1-LEN(SUBSTITUTE(_xlpm.X," ","")),IF(_xlpm.nbr=3,TRIM(C24),""))} -> Jacques Doniol-Valcroze | E24: {=_xlfn.LET(_xlpm.X,TRIM(SUBSTITUTE(C24,"-"," ")), _xlpm.nbr, LEN(_xlpm.X)+1-LEN(SUBSTITUTE(_xlpm.X," ","")),IF(_xlpm.nbr=3,TRIM(C24),""))} -> Jacques Doniol-Valcroze | F24: =LEN(C24)-LEN(SUBSTITUTE(C24,"-","")) -> 1 | G24: =LEN(C24)-LEN(SUBSTITUTE(C24," ","")) -> 1 | H24: ='Films français.tab'!$C$1 -> Réalisateur | I24: {=_xlfn.TEXTBEFORE(_xlfn.TEXTSPLIT(A24,CHAR(10),,TRUE),"1")} -> #VALUE! | J24: {=_xlfn.TEXTAFTER(_xlfn.TEXTSPLIT($A$2,CHAR(10),,TRUE)," ",-1)} -> #VALUE! | K24: =RIGHT(C24,LEN(C24)-FIND(" ",C24))&" "&LEFT(C24,FIND(" ",C24)-1) -> Doniol-Valcroze Jacques | L24: * | O24: Valcroze Jacques
A25: Lé assassin habite au 21 1942_x000B_Le corbeau 1943_x000B_Quai des orfévres 1947_x000B_Le salaire de la peur 1953_x000B_Les diaboliques 1955_x000B_Le mystere Picasso 1956_x000B_Les espions 1957_x000B_La vérité 1960_x000B_Léenfer 1964_x000B_La prisonniere 1968 | C25: Henri-Georges Clouzot | D25: {=_xlfn.LET(_xlpm.X,TRIM(SUBSTITUTE(C25,"-"," ")), _xlpm.nbr, LEN(_xlpm.X)+1-LEN(SUBSTITUTE(_xlpm.X," ","")),IF(_xlpm.nbr=3,TRIM(C25),""))} -> Henri-Georges Clouzot | E25: {=_xlfn.LET(_xlpm.X,TRIM(SUBSTITUTE(C25,"-"," ")), _xlpm.nbr, LEN(_xlpm.X)+1-LEN(SUBSTITUTE(_xlpm.X," ","")),IF(_xlpm.nbr=3,TRIM(C25),""))} -> Henri-Georges Clouzot | F25: =LEN(C25)-LEN(SUBSTITUTE(C25,"-","")) -> 1 | G25: =LEN(C25)-LEN(SUBSTITUTE(C25," ","")) -> 1 | H25: ='Films français.tab'!$C$1 -> Réalisateur | I25: {=_xlfn.TEXTBEFORE(_xlfn.TEXTSPLIT(A25,CHAR(10),,TRUE),"1")} -> Lé assassin habite au 2 | J25: {=_xlfn.TEXTAFTER(_xlfn.TEXTSPLIT($A$2,CHAR(10),,TRUE)," ",-1)} -> #VALUE! | K25: =RIGHT(C25,LEN(C25)-FIND(" ",C25))&" "&LEFT(C25,FIND(" ",C25)-1) -> Clouzot Henri-Georges | L25: * | N25: * | O25: Clouzot Henri | Q25: 50/60
A26: Le soleil au-dessus des nuages | C26: Eric Le Roch | D26: {=_xlfn.LET(_xlpm.X,TRIM(SUBSTITUTE(C26,"-"," ")), _xlpm.nbr, LEN(_xlpm.X)+1-LEN(SUBSTITUTE(_xlpm.X," ","")),IF(_xlpm.nbr=3,TRIM(C26),""))} -> Eric Le Roch | E26: {=_xlfn.LET(_xlpm.X,TRIM(SUBSTITUTE(C26,"-"," ")), _xlpm.nbr, LEN(_xlpm.X)+1-LEN(SUBSTITUTE(_xlpm.X," ","")),IF(_xlpm.nbr=3,TRIM(C26),""))} -> Eric Le Roch | F26: =LEN(C26)-LEN(SUBSTITUTE(C26,"-","")) -> 0 | G26: =LEN(C26)-LEN(SUBSTITUTE(C26," ","")) -> 2 | H26: ='Films français.tab'!$C$1 -> Réalisateur | I26: {=_xlfn.TEXTBEFORE(_xlfn.TEXTSPLIT(A26,CHAR(10),,TRUE),"1")} -> #N/A | J26: {=_xlfn.TEXTAFTER(_xlfn.TEXTSPLIT($A$2,CHAR(10),,TRUE)," ",-1)} -> #VALUE! | K26: =RIGHT(C26,LEN(C26)-FIND(" ",C26))&" "&LEFT(C26,FIND(" ",C26)-1) -> Le Roch Eric | N26: * | O26: Roch Eric | Q26: 90/00 | R26: *
C27: Didier le Pécheur | D27: {=_xlfn.LET(_xlpm.X,TRIM(SUBSTITUTE(C27,"-"," ")), _xlpm.nbr, LEN(_xlpm.X)+1-LEN(SUBSTITUTE(_xlpm.X," ","")),IF(_xlpm.nbr=3,TRIM(C27),""))} -> Didier le Pécheur | E27: {=_xlfn.LET(_xlpm.X,TRIM(SUBSTITUTE(C27,"-"," ")), _xlpm.nbr, LEN(_xlpm.X)+1-LEN(SUBSTITUTE(_xlpm.X," ","")),IF(_xlpm.nbr=3,TRIM(C27),""))} -> Didier le Pécheur | F27: =LEN(C27)-LEN(SUBSTITUTE(C27,"-","")) -> 0 | G27: =LEN(C27)-LEN(SUBSTITUTE(C27," ","")) -> 2 | H27: ='Films français.tab'!$C$1 -> Réalisateur | I27: {=_xlfn.TEXTBEFORE(_xlfn.TEXTSPLIT(A27,CHAR(10),,TRUE),"1")} -> #VALUE! | J27: {=_xlfn.TEXTAFTER(_xlfn.TEXTSPLIT($A$2,CHAR(10),,TRUE)," ",-1)} -> #VALUE! | K27: =RIGHT(C27,LEN(C27)-FIND(" ",C27))&" "&LEFT(C27,FIND(" ",C27)-1) -> le Pécheur Didier | O27: Pécheur Didier | Q27: 90/00
C28: Pierre Granier-Deferre | D28: {=_xlfn.LET(_xlpm.X,TRIM(SUBSTITUTE(C28,"-"," ")), _xlpm.nbr, LEN(_xlpm.X)+1-LEN(SUBSTITUTE(_xlpm.X," ","")),IF(_xlpm.nbr=3,TRIM(C28),""))} -> Pierre Granier-Deferre | E28: {=_xlfn.LET(_xlpm.X,TRIM(SUBSTITUTE(C28,"-"," ")), _xlpm.nbr, LEN(_xlpm.X)+1-LEN(SUBSTITUTE(_xlpm.X," ","")),IF(_xlpm.nbr=3,TRIM(C28),""))} -> Pierre Granier-Deferre | F28: =LEN(C28)-LEN(SUBSTITUTE(C28,"-","")) -> 1 | G28: =LEN(C28)-LEN(SUBSTITUTE(C28," ","")) -> 1 | H28: ='Films français.tab'!$C$1 -> Réalisateur | I28: {=_xlfn.TEXTBEFORE(_xlfn.TEXTSPLIT(A28,CHAR(10),,TRUE),"1")} -> #VALUE! | J28: {=_xlfn.TEXTAFTER(_xlfn.TEXTSPLIT($A$2,CHAR(10),,TRUE)," ",-1)} -> #VALUE! | K28: =RIGHT(C28,LEN(C28)-FIND(" ",C28))&" "&LEFT(C28,FIND(" ",C28)-1) -> Granier-Deferre Pierre | L28: * | O28: Deferre Denys
A29: Le diable au corps 1946_x000B_Léauberge rouge 1951_x000B_Le rouge et le noir 1954_x000B_La traversée de Paris 1956_x000B_En cas de malheur 1958_x000B_La jument verte 1959_x000B_Le Comte de Monte Christo 1961 | C29: Claude Autant-Lara | D29: {=_xlfn.LET(_xlpm.X,TRIM(SUBSTITUTE(C29,"-"," ")), _xlpm.nbr, LEN(_xlpm.X)+1-LEN(SUBSTITUTE(_xlpm.X," ","")),IF(_xlpm.nbr=3,TRIM(C29),""))} -> Claude Autant-Lara | E29: {=_xlfn.LET(_xlpm.X,TRIM(SUBSTITUTE(C29,"-"," ")), _xlpm.nbr, LEN(_xlpm.X)+1-LEN(SUBSTITUTE(_xlpm.X," ","")),IF(_xlpm.nbr=3,TRIM(C29),""))} -> Claude Autant-Lara | F29: =LEN(C29)-LEN(SUBSTITUTE(C29,"-","")) -> 1 | G29: =LEN(C29)-LEN(SUBSTITUTE(C29," ","")) -> 1 | H29: ='Films français.tab'!$C$1 -> Réalisateur | I29: {=_xlfn.TEXTBEFORE(_xlfn.TEXTSPLIT(A29,CHAR(10),,TRUE),"1")} -> Le diable au corps | J29: {=_xlfn.TEXTAFTER(_xlfn.TEXTSPLIT($A$2,CHAR(10),,TRUE)," ",-1)} -> #VALUE! | K29: =RIGHT(C29,LEN(C29)-FIND(" ",C29))&" "&LEFT(C29,FIND(" ",C29)-1) -> Autant-Lara Claude | L29: * | N29: * | O29: Lara Claude | Q29: 50/60
A30: (1990) Dr Petiot | C30: Christian de Chalonge | D30: {=_xlfn.LET(_xlpm.X,TRIM(SUBSTITUTE(C30,"-"," ")), _xlpm.nbr, LEN(_xlpm.X)+1-LEN(SUBSTITUTE(_xlpm.X," ","")),IF(_xlpm.nbr=3,TRIM(C30),""))} -> Christian de Chalonge | E30: {=_xlfn.LET(_xlpm.X,TRIM(SUBSTITUTE(C30,"-"," ")), _xlpm.nbr, LEN(_xlpm.X)+1-LEN(SUBSTITUTE(_xlpm.X," ","")),IF(_xlpm.nbr=3,TRIM(C30),""))} -> Christian de Chalonge | F30: =LEN(C30)-LEN(SUBSTITUTE(C30,"-","")) -> 0 | G30: =LEN(C30)-LEN(SUBSTITUTE(C30," ","")) -> 2 | H30: ='Films français.tab'!$C$1 -> Réalisateur | I30: {=_xlfn.TEXTBEFORE(_xlfn.TEXTSPLIT(A30,CHAR(10),,TRUE),"1")} -> ( | J30: {=_xlfn.TEXTAFTER(_xlfn.TEXTSPLIT($A$2,CHAR(10),,TRUE)," ",-1)} -> #VALUE! | K30: =RIGHT(C30,LEN(C30)-FIND(" ",C30))&" "&LEFT(C30,FIND(" ",C30)-1) -> de Chalonge Christian
C31: Alain Robbe-Grillet | D31: {=_xlfn.LET(_xlpm.X,TRIM(SUBSTITUTE(C31,"-"," ")), _xlpm.nbr, LEN(_xlpm.X)+1-LEN(SUBSTITUTE(_xlpm.X," ","")),IF(_xlpm.nbr=3,TRIM(C31),""))} -> Alain Robbe-Grillet | E31: {=_xlfn.LET(_xlpm.X,TRIM(SUBSTITUTE(C31,"-"," ")), _xlpm.nbr, LEN(_xlpm.X)+1-LEN(SUBSTITUTE(_xlpm.X," ","")),IF(_xlpm.nbr=3,TRIM(C31),""))} -> Alain Robbe-Grillet | F31: =LEN(C31)-LEN(SUBSTITUTE(C31,"-","")) -> 1 | G31: =LEN(C31)-LEN(SUBSTITUTE(C31," ","")) -> 1 | H31: ='Films français.tab'!$C$1 -> Réalisateur | I31: {=_xlfn.TEXTBEFORE(_xlfn.TEXTSPLIT(A31,CHAR(10),,TRUE),"1")} -> #VALUE! | J31: {=_xlfn.TEXTAFTER(_xlfn.TEXTSPLIT($A$2,CHAR(10),,TRUE)," ",-1)} -> #VALUE! | K31: =RIGHT(C31,LEN(C31)-FIND(" ",C31))&" "&LEFT(C31,FIND(" ",C31)-1) -> Robbe-Grillet Alain | L31: + | O31: Grillet Alain | P31: @
A32: Napoléon (1927)_x000B_Marines et cristeaux (1928) _x000B_La Fin du monde (1931) _x000B_Mater dolorosa (1932) _x000B_Le Maitre de forges (1933) _x000B_Poliche (1934) _x000B_Napoléon Bonaparte (1934) _x000B_End of the World (1934) _x000B_La Dame aux camélias (1934) _x000B_Le Roman d'un jeune homme pauvre (1935) _x000B_Lucrece Borgia (1935) _x000B_JérÙme Perreau héros des barricades (1935) _x000B_Le Voleur de femmes (1936) _x000B_Un grand amour de Beethoven (1936) _x000B_J'accuse! (1938)_x000B_Louise (1939) _x000B_Paradis perdu (1940) _x000B_La Vénus aveugle (1941) _x000B_Le Capitaine Fracasse (1943) _x000B_Quatorze juillet (1953) _x000B_La Tour de Nesle (1954) _x000B_Magirama (1956) _x000B_Austerlitz (1960)_x000B_Cyrano et d'Artagnan (1963) _x000B_Bonaparte et la révolution (1971) | C32: Abel Gance | D32: {=_xlfn.LET(_xlpm.X,TRIM(SUBSTITUTE(C32,"-"," ")), _xlpm.nbr, LEN(_xlpm.X)+1-LEN(SUBSTITUTE(_xlpm.X," ","")),IF(_xlpm.nbr=3,TRIM(C32),""))} | E32: {=_xlfn.LET(_xlpm.X,TRIM(SUBSTITUTE(C32,"-"," ")), _xlpm.nbr, LEN(_xlpm.X)+1-LEN(SUBSTITUTE(_xlpm.X," ","")),IF(_xlpm.nbr=3,TRIM(C32),""))} | F32: =LEN(C32)-LEN(SUBSTITUTE(C32,"-","")) -> 0 | G32: =LEN(C32)-LEN(SUBSTITUTE(C32," ","")) -> 1 | H32: ='Films français.tab'!$C$1 -> Réalisateur | I32: {=_xlfn.TEXTBEFORE(_xlfn.TEXTSPLIT(A32,CHAR(10),,TRUE),"1")} -> Napoléon ( | J32: {=_xlfn.TEXTAFTER(_xlfn.TEXTSPLIT($A$2,CHAR(10),,TRUE)," ",-1)} -> #VALUE! | K32: =RIGHT(C32,LEN(C32)-FIND(" ",C32))&" "&LEFT(C32,FIND(" ",C32)-1) -> Gance Abel | N32: * | O32: Gance Abel
A33: Le Go˚t des autres (2000) | C33: Agnes Jaoui | D33: {=_xlfn.LET(_xlpm.X,TRIM(SUBSTITUTE(C33,"-"," ")), _xlpm.nbr, LEN(_xlpm.X)+1-LEN(SUBSTITUTE(_xlpm.X," ","")),IF(_xlpm.nbr=3,TRIM(C33),""))} | E33: {=_xlfn.LET(_xlpm.X,TRIM(SUBSTITUTE(C33,"-"," ")), _xlpm.nbr, LEN(_xlpm.X)+1-LEN(SUBSTITUTE(_xlpm.X," ","")),IF(_xlpm.nbr=3,TRIM(C33),""))} | F33: =LEN(C33)-LEN(SUBSTITUTE(C33,"-","")) -> 0 | G33: =LEN(C33)-LEN(SUBSTITUTE(C33," ","")) -> 1 | H33: ='Films français.tab'!$C$1 -> Réalisateur | I33: {=_xlfn.TEXTBEFORE(_xlfn.TEXTSPLIT(A33,CHAR(10),,TRUE),"1")} -> #N/A | J33: {=_xlfn.TEXTAFTER(_xlfn.TEXTSPLIT($A$2,CHAR(10),,TRUE)," ",-1)} -> #VALUE! | K33: =RIGHT(C33,LEN(C33)-FIND(" ",C33))&" "&LEFT(C33,FIND(" ",C33)-1) -> Jaoui Agnes | L33: + | N33: ** | O33: Jaoui Agnes
C34: Barbet Schroeder | D34: {=_xlfn.LET(_xlpm.X,TRIM(SUBSTITUTE(C34,"-"," ")), _xlpm.nbr, LEN(_xlpm.X)+1-LEN(SUBSTITUTE(_xlpm.X," ","")),IF(_xlpm.nbr=3,TRIM(C34),""))} | E34: {=_xlfn.LET(_xlpm.X,TRIM(SUBSTITUTE(C34,"-"," ")), _xlpm.nbr, LEN(_xlpm.X)+1-LEN(SUBSTITUTE(_xlpm.X," ","")),IF(_xlpm.nbr=3,TRIM(C34),""))} | F34: =LEN(C34)-LEN(SUBSTITUTE(C34,"-","")) -> 0 | G34: =LEN(C34)-LEN(SUBSTITUTE(C34," ","")) -> 1 | H34: ='Films français.tab'!$C$1 -> Réalisateur | I34: {=_xlfn.TEXTBEFORE(_xlfn.TEXTSPLIT(A34,CHAR(10),,TRUE),"1")} -> #VALUE! | J34: {=_xlfn.TEXTAFTER(_xlfn.TEXTSPLIT($A$2,CHAR(10),,TRUE)," ",-1)} -> #VALUE! | K34: =RIGHT(C34,LEN(C34)-FIND(" ",C34))&" "&LEFT(C34,FIND(" ",C34)-1) -> Schroeder Barbet | L34: + | N34: * | O34: Schroeder Barbet | P34: @
C35: Cedric Clapisch | D35: {=_xlfn.LET(_xlpm.X,TRIM(SUBSTITUTE(C35,"-"," ")), _xlpm.nbr, LEN(_xlpm.X)+1-LEN(SUBSTITUTE(_xlpm.X," ","")),IF(_xlpm.nbr=3,TRIM(C35),""))} | E35: {=_xlfn.LET(_xlpm.X,TRIM(SUBSTITUTE(C35,"-"," ")), _xlpm.nbr, LEN(_xlpm.X)+1-LEN(SUBSTITUTE(_xlpm.X," ","")),IF(_xlpm.nbr=3,TRIM(C35),""))} | F35: =LEN(C35)-LEN(SUBSTITUTE(C35,"-","")) -> 0 | G35: =LEN(C35)-LEN(SUBSTITUTE(C35," ","")) -> 1 | H35: ='Films français.tab'!$C$1 -> Réalisateur | I35: {=_xlfn.TEXTBEFORE(_xlfn.TEXTSPLIT(A35,CHAR(10),,TRUE),"1")} -> #VALUE! | J35: {=_xlfn.TEXTAFTER(_xlfn.TEXTSPLIT($A$2,CHAR(10),,TRUE)," ",-1)} -> #VALUE! | K35: =RIGHT(C35,LEN(C35)-FIND(" ",C35))&" "&LEFT(C35,FIND(" ",C35)-1) -> Clapisch Cedric | L35: + | N35: ** | O35: Clapisch Cedric | P35: @
C36: Chantal Akerman | D36: {=_xlfn.LET(_xlpm.X,TRIM(SUBSTITUTE(C36,"-"," ")), _xlpm.nbr, LEN(_xlpm.X)+1-LEN(SUBSTITUTE(_xlpm.X," ","")),IF(_xlpm.nbr=3,TRIM(C36),""))} | E36: {=_xlfn.LET(_xlpm.X,TRIM(SUBSTITUTE(C36,"-"," ")), _xlpm.nbr, LEN(_xlpm.X)+1-LEN(SUBSTITUTE(_xlpm.X," ","")),IF(_xlpm.nbr=3,TRIM(C36),""))} | F36: =LEN(C36)-LEN(SUBSTITUTE(C36,"-","")) -> 0 | G36: =LEN(C36)-LEN(SUBSTITUTE(C36," ","")) -> 1 | H36: ='Films français.tab'!$C$1 -> Réalisateur | I36: {=_xlfn.TEXTBEFORE(_xlfn.TEXTSPLIT(A36,CHAR(10),,TRUE),"1")} -> #VALUE! | J36: {=_xlfn.TEXTAFTER(_xlfn.TEXTSPLIT($A$2,CHAR(10),,TRUE)," ",-1)} -> #VALUE! | K36: =RIGHT(C36,LEN(C36)-FIND(" ",C36))&" "&LEFT(C36,FIND(" ",C36)-1) -> Akerman Chantal | L36: + | N36: ** | O36: Akerman Chantal
A37: France société anonyme (1974)_x000B_Police Python 357 (1976)_x000B_La Menace (1977)_x000B_Série noire (1979)_x000B_Le Choix des armes (1981)_x000B_Fort Saganne (1984)_x000B_Le MÙme (1986)_x000B_Nocturne indien (1989)_x000B_Tous les matins du monde (1991)_x000B_Contre l'oubli (1991)_x000B_Le Nouveau monde (1995)_x000B_Lumiere et compagnie (1995)_x000B_Les Enfants de Lumiere (1995)_x000B_Le Cousin (1997)_x000B_Le Prince du Pacifique (2000)_x000B_Stupeur et tremblements (2003)_x000B_Les Mots bleus (2005) | C37: Alain Corneau | D37: {=_xlfn.LET(_xlpm.X,TRIM(SUBSTITUTE(C37,"-"," ")), _xlpm.nbr, LEN(_xlpm.X)+1-LEN(SUBSTITUTE(_xlpm.X," ","")),IF(_xlpm.nbr=3,TRIM(C37),""))} | E37: {=_xlfn.LET(_xlpm.X,TRIM(SUBSTITUTE(C37,"-"," ")), _xlpm.nbr, LEN(_xlpm.X)+1-LEN(SUBSTITUTE(_xlpm.X," ","")),IF(_xlpm.nbr=3,TRIM(C37),""))} | F37: =LEN(C37)-LEN(SUBSTITUTE(C37,"-","")) -> 0 | G37: =LEN(C37)-LEN(SUBSTITUTE(C37," ","")) -> 1 | H37: ='Films français.tab'!$C$1 -> Réalisateur | I37: {=_xlfn.TEXTBEFORE(_xlfn.TEXTSPLIT(A37,CHAR(10),,TRUE),"1")} -> France société anonyme ( | J37: {=_xlfn.TEXTAFTER(_xlfn.TEXTSPLIT($A$2,CHAR(10),,TRUE)," ",-1)} -> #VALUE! | K37: =RIGHT(C37,LEN(C37)-FIND(" ",C37))&" "&LEFT(C37,FIND(" ",C37)-1) -> Corneau Alain | L37: * | N37: ** | O37: Corneau Alain | Q37: 70/80
C38: Claire Devers | D38: {=_xlfn.LET(_xlpm.X,TRIM(SUBSTITUTE(C38,"-"," ")), _xlpm.nbr, LEN(_xlpm.X)+1-LEN(SUBSTITUTE(_xlpm.X," ","")),IF(_xlpm.nbr=3,TRIM(C38),""))} | E38: {=_xlfn.LET(_xlpm.X,TRIM(SUBSTITUTE(C38,"-"," ")), _xlpm.nbr, LEN(_xlpm.X)+1-LEN(SUBSTITUTE(_xlpm.X," ","")),IF(_xlpm.nbr=3,TRIM(C38),""))} | F38: =LEN(C38)-LEN(SUBSTITUTE(C38,"-","")) -> 0 | G38: =LEN(C38)-LEN(SUBSTITUTE(C38," ","")) -> 1 | H38: ='Films français.tab'!$C$1 -> Réalisateur | I38: {=_xlfn.TEXTBEFORE(_xlfn.TEXTSPLIT(A38,CHAR(10),,TRUE),"1")} -> #VALUE! | J38: {=_xlfn.TEXTAFTER(_xlfn.TEXTSPLIT($A$2,CHAR(10),,TRUE)," ",-1)} -> #VALUE! | K38: =RIGHT(C38,LEN(C38)-FIND(" ",C38))&" "&LEFT(C38,FIND(" ",C38)-1) -> Devers Claire | N38: * | Q38: 90/00
A39: Léaventure de Guy (1936) _x000B_Schéma d'une identification (1946) _x000B_Ouvert pour cause d'inventaire (1946) _x000B_Visite ‡ Oscar Dominguez (1947) _x000B_Visite ‡ Lucien Coutaud (1947) _x000B_Visite ‡ Hans Hartnung (1947) _x000B_Visite ‡ Félix Labisse (1947) _x000B_Visite ‡ César Doméla (1947) _x000B_Van Gogh (1947) _x000B_Portrait d'Henri Goetz (1947) _x000B_Le Lait Nestlé (1947) _x000B_Journée naturelle (1947) _x000B_La bague (1947) _x000B_Léalcool tue (1947) _x000B_Van Gogh (1948) _x000B_Malfray (1948) _x000B_Les jardins de Paris (1948) _x000B_Ch‚teaux de France (1948) _x000B_Guernica (1950) _x000B_Gauguin (1950) _x000B_Pictura (1952) _x000B_Les statues meurent aussi (1953) _x000B_Nuit et brouillard (1955)_x000B_Toute la mémoire du monde (1956) _x000B_Le mystere de l'atelier quinze (1957) _x000B_Le chant du Styrene (1958) _x000B_Hiroshima mon amour (1959)_x000B_LéAnnée derniere ‡ Marienbad (1961)_x000B_Muriel (1963)_x000B_La Guerre est finie (1966)_x000B_Loin du Vietnam (1967)_x000B_Je t'aime, je t'aime (1968) _x000B_Stavisky... (1974)_x000B_Providence (1977) _x000B_Mon oncle d'Amérique (1980)_x000B_La Vie est un roman (1983)_x000B_LéAmour ‡ mort (1984)_x000B_Mélo (1986)_x000B_I Want to Go Home (1989)_x000B_Contre l'oubli (1991) _x000B_Gershwin (1992)_x000B_Smoking/No Smoking (1993) _x000B_On connait la chanson (1997)_x000B_Pas sur la bouche (2003) | C39: Alain Resnais | D39: {=_xlfn.LET(_xlpm.X,TRIM(SUBSTITUTE(C39,"-"," ")), _xlpm.nbr, LEN(_xlpm.X)+1-LEN(SUBSTITUTE(_xlpm.X," ","")),IF(_xlpm.nbr=3,TRIM(C39),""))} | E39: {=_xlfn.LET(_xlpm.X,TRIM(SUBSTITUTE(C39,"-"," ")), _xlpm.nbr, LEN(_xlpm.X)+1-LEN(SUBSTITUTE(_xlpm.X," ","")),IF(_xlpm.nbr=3,TRIM(C39),""))} | F39: =LEN(C39)-LEN(SUBSTITUTE(C39,"-","")) -> 0 | G39: =LEN(C39)-LEN(SUBSTITUTE(C39," ","")) -> 1 | H39: ='Films français.tab'!$C$1 -> Réalisateur | I39: {=_xlfn.TEXTBEFORE(_xlfn.TEXTSPLIT(A39,CHAR(10),,TRUE),"1")} -> Léaventure de Guy ( | J39: {=_xlfn.TEXTAFTER(_xlfn.TEXTSPLIT($A$2,CHAR(10),,TRUE)," ",-1)} -> #VALUE! | K39: =RIGHT(C39,LEN(C39)-FIND(" ",C39))&" "&LEFT(C39,FIND(" ",C39)-1) -> Resnais Alain | N39: ** | O39: Resnais Alain | Q39: 60/70
C40: Eric Rochant | D40: {=_xlfn.LET(_xlpm.X,TRIM(SUBSTITUTE(C40,"-"," ")), _xlpm.nbr, LEN(_xlpm.X)+1-LEN(SUBSTITUTE(_xlpm.X," ","")),IF(_xlpm.nbr=3,TRIM(C40),""))} | E40: {=_xlfn.LET(_xlpm.X,TRIM(SUBSTITUTE(C40,"-"," ")), _xlpm.nbr, LEN(_xlpm.X)+1-LEN(SUBSTITUTE(_xlpm.X," ","")),IF(_xlpm.nbr=3,TRIM(C40),""))} | F40: =LEN(C40)-LEN(SUBSTITUTE(C40,"-","")) -> 0 | G40: =LEN(C40)-LEN(SUBSTITUTE(C40," ","")) -> 1 | H40: ='Films français.tab'!$C$1 -> Réalisateur | I40: {=_xlfn.TEXTBEFORE(_xlfn.TEXTSPLIT(A40,CHAR(10),,TRUE),"1")} -> #VALUE! | J40: {=_xlfn.TEXTAFTER(_xlfn.TEXTSPLIT($A$2,CHAR(10),,TRUE)," ",-1)} -> #VALUE! | K40: =RIGHT(C40,LEN(C40)-FIND(" ",C40))&" "&LEFT(C40,FIND(" ",C40)-1) -> Rochant Eric | L40: + | O40: Rochant Eric | P40: @
C41: Érick Zonca | D41: {=_xlfn.LET(_xlpm.X,TRIM(SUBSTITUTE(C41,"-"," ")), _xlpm.nbr, LEN(_xlpm.X)+1-LEN(SUBSTITUTE(_xlpm.X," ","")),IF(_xlpm.nbr=3,TRIM(C41),""))} | E41: {=_xlfn.LET(_xlpm.X,TRIM(SUBSTITUTE(C41,"-"," ")), _xlpm.nbr, LEN(_xlpm.X)+1-LEN(SUBSTITUTE(_xlpm.X," ","")),IF(_xlpm.nbr=3,TRIM(C41),""))} | F41: =LEN(C41)-LEN(SUBSTITUTE(C41,"-","")) -> 0 | G41: =LEN(C41)-LEN(SUBSTITUTE(C41," ","")) -> 1 | H41: ='Films français.tab'!$C$1 -> Réalisateur | I41: {=_xlfn.TEXTBEFORE(_xlfn.TEXTSPLIT(A41,CHAR(10),,TRUE),"1")} -> #VALUE! | J41: {=_xlfn.TEXTAFTER(_xlfn.TEXTSPLIT($A$2,CHAR(10),,TRUE)," ",-1)} -> #VALUE! | K41: =RIGHT(C41,LEN(C41)-FIND(" ",C41))&" "&LEFT(C41,FIND(" ",C41)-1) -> Zonca Érick
A42: Le Coup de sirocco (1979)_x000B_Le Grand pardon (1982)_x000B_Le Grand carnaval (1983)_x000B_Hold-Up (1985)_x000B_Dernier été ‡ Tanger (1987)_x000B_L' Union sacrée (1989)_x000B_Pour Sacha (1991)_x000B_Le Grand pardon II (1992)_x000B_Dis-moi oui (1995)_x000B_K (1997)_x000B_L‡-bas mon pays (2000)_x000B_Entre chiens et loups (2002)_x000B_Mariage mixte (2004) | C42: Alexandre Arcady | D42: {=_xlfn.LET(_xlpm.X,TRIM(SUBSTITUTE(C42,"-"," ")), _xlpm.nbr, LEN(_xlpm.X)+1-LEN(SUBSTITUTE(_xlpm.X," ","")),IF(_xlpm.nbr=3,TRIM(C42),""))} | E42: {=_xlfn.LET(_xlpm.X,TRIM(SUBSTITUTE(C42,"-"," ")), _xlpm.nbr, LEN(_xlpm.X)+1-LEN(SUBSTITUTE(_xlpm.X," ","")),IF(_xlpm.nbr=3,TRIM(C42),""))} | F42: =LEN(C42)-LEN(SUBSTITUTE(C42,"-","")) -> 0 | G42: =LEN(C42)-LEN(SUBSTITUTE(C42," ","")) -> 1 | H42: ='Films français.tab'!$C$1 -> Réalisateur | I42: {=_xlfn.TEXTBEFORE(_xlfn.TEXTSPLIT(A42,CHAR(10),,TRUE),"1")} -> Le Coup de sirocco ( | J42: {=_xlfn.TEXTAFTER(_xlfn.TEXTSPLIT($A$2,CHAR(10),,TRUE)," ",-1)} -> #VALUE! | K42: =RIGHT(C42,LEN(C42)-FIND(" ",C42))&" "&LEFT(C42,FIND(" ",C42)-1) -> Arcady Alexandre | L42: * | N42: * | O42: Arcady Alexandre | Q42: 80/90
C43: Gérard Corbiau | D43: {=_xlfn.LET(_xlpm.X,TRIM(SUBSTITUTE(C43,"-"," ")), _xlpm.nbr, LEN(_xlpm.X)+1-LEN(SUBSTITUTE(_xlpm.X," ","")),IF(_xlpm.nbr=3,TRIM(C43),""))} | E43: {=_xlfn.LET(_xlpm.X,TRIM(SUBSTITUTE(C43,"-"," ")), _xlpm.nbr, LEN(_xlpm.X)+1-LEN(SUBSTITUTE(_xlpm.X," ","")),IF(_xlpm.nbr=3,TRIM(C43),""))} | F43: =LEN(C43)-LEN(SUBSTITUTE(C43,"-","")) -> 0 | G43: =LEN(C43)-LEN(SUBSTITUTE(C43," ","")) -> 2 | H43: ='Films français.tab'!$C$1 -> Réalisateur | I43: {=_xlfn.TEXTBEFORE(_xlfn.TEXTSPLIT(A43,CHAR(10),,TRUE),"1")} -> #VALUE! | J43: {=_xlfn.TEXTAFTER(_xlfn.TEXTSPLIT($A$2,CHAR(10),,TRUE)," ",-1)} -> #VALUE! | K43: =RIGHT(C43,LEN(C43)-FIND(" ",C43))&" "&LEFT(C43,FIND(" ",C43)-1) -> Corbiau Gérard
A44: Au bonheur des dames 1943_x000B_Les amants de Vérone 1949_x000B_Justice est faite 1950_x000B_Nous sommes tous des assassins 1952_x000B_Le miroir ‡ deux faces 1958_x000B_Le passage du rhin 1960_x000B_Le glaive et la balance 1963_x000B_La vie conjugale 1963_x000B_Piege pour Cendrillon 1965_x000B_Les risques du métier 1967_x000B_Les chemins de Katmandou 1969_x000B_Mourir déaimer 1970_x000B_Verdict 1974 | C44: André Cayatte | D44: {=_xlfn.LET(_xlpm.X,TRIM(SUBSTITUTE(C44,"-"," ")), _xlpm.nbr, LEN(_xlpm.X)+1-LEN(SUBSTITUTE(_xlpm.X," ","")),IF(_xlpm.nbr=3,TRIM(C44),""))} | E44: {=_xlfn.LET(_xlpm.X,TRIM(SUBSTITUTE(C44,"-"," ")), _xlpm.nbr, LEN(_xlpm.X)+1-LEN(SUBSTITUTE(_xlpm.X," ","")),IF(_xlpm.nbr=3,TRIM(C44),""))} | F44: =LEN(C44)-LEN(SUBSTITUTE(C44,"-","")) -> 0 | G44: =LEN(C44)-LEN(SUBSTITUTE(C44," ","")) -> 1 | H44: ='Films français.tab'!$C$1 -> Réalisateur | I44: {=_xlfn.TEXTBEFORE(_xlfn.TEXTSPLIT(A44,CHAR(10),,TRUE),"1")} -> Au bonheur des dames | J44: {=_xlfn.TEXTAFTER(_xlfn.TEXTSPLIT($A$2,CHAR(10),,TRUE)," ",-1)} -> #VALUE! | K44: =RIGHT(C44,LEN(C44)-FIND(" ",C44))&" "&LEFT(C44,FIND(" ",C44)-1) -> Cayatte André | L44: * | N44: * | O44: Cayatte André | Q44: 50/60
A45: Nous étions treize (1955)_x000B_Forges (1956)_x000B_Yves boit du lait (1960)_x000B_Haagschool (1962)_x000B_De Man die zijn haar kort liet knippen (1965)_x000B_De Tolken (1968)_x000B_Un soir, un train (1968)_x000B_Rendez-vous ‡ Bray (1971)_x000B_Belle (1973)_x000B_Met Dieric Bouts (1975)_x000B_Een Vrouw tussen hond en wolf (1979)_x000B_To Woody Allen from Europe with Love (1980)_x000B_Benvenuta (1983)_x000B_Babel opéra, ou la répétition de Don Juan de Wolfgang Amadeus Mozart (1985)_x000B_L'Oeuvre au noir (1988)_x000B_1001 films (1989)_x000B_ | C45: André Delvaux | D45: {=_xlfn.LET(_xlpm.X,TRIM(SUBSTITUTE(C45,"-"," ")), _xlpm.nbr, LEN(_xlpm.X)+1-LEN(SUBSTITUTE(_xlpm.X," ","")),IF(_xlpm.nbr=3,TRIM(C45),""))} | E45: {=_xlfn.LET(_xlpm.X,TRIM(SUBSTITUTE(C45,"-"," ")), _xlpm.nbr, LEN(_xlpm.X)+1-LEN(SUBSTITUTE(_xlpm.X," ","")),IF(_xlpm.nbr=3,TRIM(C45),""))} | F45: =LEN(C45)-LEN(SUBSTITUTE(C45,"-","")) -> 0 | G45: =LEN(C45)-LEN(SUBSTITUTE(C45," ","")) -> 1 | H45: ='Films français.tab'!$C$1 -> Réalisateur | I45: {=_xlfn.TEXTBEFORE(_xlfn.TEXTSPLIT(A45,CHAR(10),,TRUE),"1")} -> Nous étions treize ( | J45: {=_xlfn.TEXTAFTER(_xlfn.TEXTSPLIT($A$2,CHAR(10),,TRUE)," ",-1)} -> #VALUE! | K45: =RIGHT(C45,LEN(C45)-FIND(" ",C45))&" "&LEFT(C45,FIND(" ",C45)-1) -> Delvaux André | L45: * | N45: ** | O45: Delvaux André | Q45: 60/70
A46: Les trois mousquetaires 1953_x000B_Le Bossu 1960_x000B_Le Capitan 1960_x000B_Le miracles des loups 1961_x000B_Les mysteres de Paris 1962_x000B_OSS 117 se déchaine 1963_x000B_FantÙmas 1964_x000B_Banco ‡ Bangkok pour OSS 117 1964_x000B_Furia ‡ Bahia pour OSS 117 1965_x000B_FantÙmas se déchaine 1965_x000B_FantÙmas contre Scotland Yard 1967_x000B_Pas de roses pour OSS 117 1968 | C46: André Hunebelle | D46: {=_xlfn.LET(_xlpm.X,TRIM(SUBSTITUTE(C46,"-"," ")), _xlpm.nbr, LEN(_xlpm.X)+1-LEN(SUBSTITUTE(_xlpm.X," ","")),IF(_xlpm.nbr=3,TRIM(C46),""))} | E46: {=_xlfn.LET(_xlpm.X,TRIM(SUBSTITUTE(C46,"-"," ")), _xlpm.nbr, LEN(_xlpm.X)+1-LEN(SUBSTITUTE(_xlpm.X," ","")),IF(_xlpm.nbr=3,TRIM(C46),""))} | F46: =LEN(C46)-LEN(SUBSTITUTE(C46,"-","")) -> 0 | G46: =LEN(C46)-LEN(SUBSTITUTE(C46," ","")) -> 1 | H46: ='Films français.tab'!$C$1 -> Réalisateur | I46: {=_xlfn.TEXTBEFORE(_xlfn.TEXTSPLIT(A46,CHAR(10),,TRUE),"1")} -> Les trois mousquetaires | J46: {=_xlfn.TEXTAFTER(_xlfn.TEXTSPLIT($A$2,CHAR(10),,TRUE)," ",-1)} -> #VALUE! | K46: =RIGHT(C46,LEN(C46)-FIND(" ",C46))&" "&LEFT(C46,FIND(" ",C46)-1) -> Hunebelle André | L46: * | N46: * | O46: Hunebelle André
A47: Pauline s'en va (1969) _x000B_Souvenirs d'en France (1974)_x000B_Barocco (1976)_x000B_Les Soeurs BrontÎ (1979) _x000B_HÙtel des Amériques (1981)_x000B_La Matiouette ou l'arriere-pays (1983) _x000B_Rendez-vous (1985)_x000B_Le Lieu du crime (1986)_x000B_Les Innocents (1987) _x000B_J'embrasse pas (1991) _x000B_Ma saison préférée (1993)_x000B_Les Roseaux sauvages (1994)_x000B_Les Voleurs (1996)_x000B_Alice et Martin (1998)_x000B_Loin (2001)_x000B_Les …garés (2003)_x000B_Chemins sans issue (2004) | C47: André Téchiné | D47: {=_xlfn.LET(_xlpm.X,TRIM(SUBSTITUTE(C47,"-"," ")), _xlpm.nbr, LEN(_xlpm.X)+1-LEN(SUBSTITUTE(_xlpm.X," ","")),IF(_xlpm.nbr=3,TRIM(C47),""))} | E47: {=_xlfn.LET(_xlpm.X,TRIM(SUBSTITUTE(C47,"-"," ")), _xlpm.nbr, LEN(_xlpm.X)+1-LEN(SUBSTITUTE(_xlpm.X," ","")),IF(_xlpm.nbr=3,TRIM(C47),""))} | F47: =LEN(C47)-LEN(SUBSTITUTE(C47,"-","")) -> 0 | G47: =LEN(C47)-LEN(SUBSTITUTE(C47," ","")) -> 1 | H47: ='Films français.tab'!$C$1 -> Réalisateur | I47: {=_xlfn.TEXTBEFORE(_xlfn.TEXTSPLIT(A47,CHAR(10),,TRUE),"1")} -> Pauline s'en va ( | J47: {=_xlfn.TEXTAFTER(_xlfn.TEXTSPLIT($A$2,CHAR(10),,TRUE)," ",-1)} -> #VALUE! | K47: =RIGHT(C47,LEN(C47)-FIND(" ",C47))&" "&LEFT(C47,FIND(" ",C47)-1) -> Téchiné André | N47: ** | O47: Téchiné André
C48: Gilles Béhat | D48: {=_xlfn.LET(_xlpm.X,TRIM(SUBSTITUTE(C48,"-"," ")), _xlpm.nbr, LEN(_xlpm.X)+1-LEN(SUBSTITUTE(_xlpm.X," ","")),IF(_xlpm.nbr=3,TRIM(C48),""))} | E48: {=_xlfn.LET(_xlpm.X,TRIM(SUBSTITUTE(C48,"-"," ")), _xlpm.nbr, LEN(_xlpm.X)+1-LEN(SUBSTITUTE(_xlpm.X," ","")),IF(_xlpm.nbr=3,TRIM(C48),""))} | F48: =LEN(C48)-LEN(SUBSTITUTE(C48,"-","")) -> 0 | G48: =LEN(C48)-LEN(SUBSTITUTE(C48," ","")) -> 1 | H48: ='Films français.tab'!$C$1 -> Réalisateur | I48: {=_xlfn.TEXTBEFORE(_xlfn.TEXTSPLIT(A48,CHAR(10),,TRUE),"1")} -> #VALUE! | J48: {=_xlfn.TEXTAFTER(_xlfn.TEXTSPLIT($A$2,CHAR(10),,TRUE)," ",-1)} -> #VALUE! | K48: =RIGHT(C48,LEN(C48)-FIND(" ",C48))&" "&LEFT(C48,FIND(" ",C48)-1) -> Béhat Gilles | O48: Béhat Gilles
C49: Guillaume Canet | D49: {=_xlfn.LET(_xlpm.X,TRIM(SUBSTITUTE(C49,"-"," ")), _xlpm.nbr, LEN(_xlpm.X)+1-LEN(SUBSTITUTE(_xlpm.X," ","")),IF(_xlpm.nbr=3,TRIM(C49),""))} | E49: {=_xlfn.LET(_xlpm.X,TRIM(SUBSTITUTE(C49,"-"," ")), _xlpm.nbr, LEN(_xlpm.X)+1-LEN(SUBSTITUTE(_xlpm.X," ","")),IF(_xlpm.nbr=3,TRIM(C49),""))} | F49: =LEN(C49)-LEN(SUBSTITUTE(C49,"-","")) -> 0 | G49: =LEN(C49)-LEN(SUBSTITUTE(C49," ","")) -> 1 | H49: ='Films français.tab'!$C$1 -> Réalisateur | I49: {=_xlfn.TEXTBEFORE(_xlfn.TEXTSPLIT(A49,CHAR(10),,TRUE),"1")} -> #VALUE! | J49: {=_xlfn.TEXTAFTER(_xlfn.TEXTSPLIT($A$2,CHAR(10),,TRUE)," ",-1)} -> #VALUE! | K49: =RIGHT(C49,LEN(C49)-FIND(" ",C49))&" "&LEFT(C49,FIND(" ",C49)-1) -> Canet Guillaume | N49: ** | O49: Canet Guillaume | Q49: 90/00
C50: Jacques Monnet | D50: {=_xlfn.LET(_xlpm.X,TRIM(SUBSTITUTE(C50,"-"," ")), _xlpm.nbr, LEN(_xlpm.X)+1-LEN(SUBSTITUTE(_xlpm.X," ","")),IF(_xlpm.nbr=3,TRIM(C50),""))} | E50: {=_xlfn.LET(_xlpm.X,TRIM(SUBSTITUTE(C50,"-"," ")), _xlpm.nbr, LEN(_xlpm.X)+1-LEN(SUBSTITUTE(_xlpm.X," ","")),IF(_xlpm.nbr=3,TRIM(C50),""))} | F50: =LEN(C50)-LEN(SUBSTITUTE(C50,"-","")) -> 0 | G50: =LEN(C50)-LEN(SUBSTITUTE(C50," ","")) -> 1 | H50: ='Films français.tab'!$C$1 -> Réalisateur | I50: {=_xlfn.TEXTBEFORE(_xlfn.TEXTSPLIT(A50,CHAR(10),,TRUE),"1")} -> #VALUE! | J50: {=_xlfn.TEXTAFTER(_xlfn.TEXTSPLIT($A$2,CHAR(10),,TRUE)," ",-1)} -> #VALUE! | K50: =RIGHT(C50,LEN(C50)-FIND(" ",C50))&" "&LEFT(C50,FIND(" ",C50)-1) -> Monnet Jacques | O50: Monnet Jacques
A51: La Vie des morts (1991)_x000B_La Sentinelle (1992)_x000B_Comment je me suis disputé (ma vie sexuelle) (1996)_x000B_Esther Kahn (2000)_x000B_En jouant 'Dans la compagnie des hommes' (2003)_x000B_Rois et reine (2004) | C51: Arnaud Deplechin | D51: {=_xlfn.LET(_xlpm.X,TRIM(SUBSTITUTE(C51,"-"," ")), _xlpm.nbr, LEN(_xlpm.X)+1-LEN(SUBSTITUTE(_xlpm.X," ","")),IF(_xlpm.nbr=3,TRIM(C51),""))} | E51: {=_xlfn.LET(_xlpm.X,TRIM(SUBSTITUTE(C51,"-"," ")), _xlpm.nbr, LEN(_xlpm.X)+1-LEN(SUBSTITUTE(_xlpm.X," ","")),IF(_xlpm.nbr=3,TRIM(C51),""))} | F51: =LEN(C51)-LEN(SUBSTITUTE(C51,"-","")) -> 0 | G51: =LEN(C51)-LEN(SUBSTITUTE(C51," ","")) -> 1 | H51: ='Films français.tab'!$C$1 -> Réalisateur | I51: {=_xlfn.TEXTBEFORE(_xlfn.TEXTSPLIT(A51,CHAR(10),,TRUE),"1")} -> La Vie des morts ( | J51: {=_xlfn.TEXTAFTER(_xlfn.TEXTSPLIT($A$2,CHAR(10),,TRUE)," ",-1)} -> #VALUE! | K51: =RIGHT(C51,LEN(C51)-FIND(" ",C51))&" "&LEFT(C51,FIND(" ",C51)-1) -> Deplechin Arnaud | O51: Deplechin Arnaud
A52: L'Assassin musicien (1975)_x000B_Les Enfants du placard (1977)_x000B_Les Ailes de la colombe (1981)_x000B_Corps et biens (1986)_x000B_Les Mendiants (1988)_x000B_La Désenchantée (1990)_x000B_…crire (1993)_x000B_La Mort du jeune aviateur anglais (1993)_x000B_3000 scénarios contre un virus (1994)_x000B_La Fille seule (1995)_x000B_Le Septieme ciel (1997)_x000B_Marianne (1997)_x000B_Par coeur (1998)_x000B_L'…cole de la chair (1998)_x000B_Pas de scandale (1999)_x000B_La Fausse suivante (2000)_x000B_Sade (2000)_x000B_Tosca (2001)_x000B_Adolphe (2002) | C52: Benoit Jacquot | D52: {=_xlfn.LET(_xlpm.X,TRIM(SUBSTITUTE(C52,"-"," ")), _xlpm.nbr, LEN(_xlpm.X)+1-LEN(SUBSTITUTE(_xlpm.X," ","")),IF(_xlpm.nbr=3,TRIM(C52),""))} | E52: {=_xlfn.LET(_xlpm.X,TRIM(SUBSTITUTE(C52,"-"," ")), _xlpm.nbr, LEN(_xlpm.X)+1-LEN(SUBSTITUTE(_xlpm.X," ","")),IF(_xlpm.nbr=3,TRIM(C52),""))} | F52: =LEN(C52)-LEN(SUBSTITUTE(C52,"-","")) -> 0 | G52: =LEN(C52)-LEN(SUBSTITUTE(C52," ","")) -> 1 | H52: ='Films français.tab'!$C$1 -> Réalisateur | I52: {=_xlfn.TEXTBEFORE(_xlfn.TEXTSPLIT(A52,CHAR(10),,TRUE),"1")} -> L'Assassin musicien ( | J52: {=_xlfn.TEXTAFTER(_xlfn.TEXTSPLIT($A$2,CHAR(10),,TRUE)," ",-1)} -> #VALUE! | K52: =RIGHT(C52,LEN(C52)-FIND(" ",C52))&" "&LEFT(C52,FIND(" ",C52)-1) -> Jacquot Benoit | N52: * | O52: Jacquot Benoit | Q52: 70/80
A53: Les convoyeurs attendent 99 | C53: Benoît Mariage | D53: {=_xlfn.LET(_xlpm.X,TRIM(SUBSTITUTE(C53,"-"," ")), _xlpm.nbr, LEN(_xlpm.X)+1-LEN(SUBSTITUTE(_xlpm.X," ","")),IF(_xlpm.nbr=3,TRIM(C53),""))} | E53: {=_xlfn.LET(_xlpm.X,TRIM(SUBSTITUTE(C53,"-"," ")), _xlpm.nbr, LEN(_xlpm.X)+1-LEN(SUBSTITUTE(_xlpm.X," ","")),IF(_xlpm.nbr=3,TRIM(C53),""))} | F53: =LEN(C53)-LEN(SUBSTITUTE(C53,"-","")) -> 0 | G53: =LEN(C53)-LEN(SUBSTITUTE(C53," ","")) -> 1 | H53: ='Films français.tab'!$C$1 -> Réalisateur | I53: {=_xlfn.TEXTBEFORE(_xlfn.TEXTSPLIT(A53,CHAR(10),,TRUE),"1")} -> #N/A | J53: {=_xlfn.TEXTAFTER(_xlfn.TEXTSPLIT($A$2,CHAR(10),,TRUE)," ",-1)} -> #VALUE! | K53: =RIGHT(C53,LEN(C53)-FIND(" ",C53))&" "&LEFT(C53,FIND(" ",C53)-1) -> Mariage Benoît | O53: Mariage Benoît | Q53: 90/00
A54: La mÙme vert-de-gris 1953_x000B_Les femmes séen balancent 1953_x000B_Le gorille vous salue bien 1958_x000B_La valse du gorille 1959_x000B_Le caÔd 1960_x000B_Lemmy pour les dames 1961_x000B_Les trois mousquetaires : les ferrets de la Reine 1961_x000B_Les trois mousquetaires : la vengeance de Milady 1961_x000B_Rocambole 1962_x000B_Le chevalier de Pardaillan 1962_x000B_Angélique marquise des anges 1964_x000B_Hardi Pardaillan ! 1964_x000B_Merveilleuse Angélique 1965_x000B_Angélique et le Roy 1966_x000B_Indomptable Angélique 1967_x000B_Angélique et le sultan 1968_x000B_ | C54: Bernard Borderie | D54: {=_xlfn.LET(_xlpm.X,TRIM(SUBSTITUTE(C54,"-"," ")), _xlpm.nbr, LEN(_xlpm.X)+1-LEN(SUBSTITUTE(_xlpm.X," ","")),IF(_xlpm.nbr=3,TRIM(C54),""))} | E54: {=_xlfn.LET(_xlpm.X,TRIM(SUBSTITUTE(C54,"-"," ")), _xlpm.nbr, LEN(_xlpm.X)+1-LEN(SUBSTITUTE(_xlpm.X," ","")),IF(_xlpm.nbr=3,TRIM(C54),""))} | F54: =LEN(C54)-LEN(SUBSTITUTE(C54,"-","")) -> 0 | G54: =LEN(C54)-LEN(SUBSTITUTE(C54," ","")) -> 1 | H54: ='Films français.tab'!$C$1 -> Réalisateur | I54: {=_xlfn.TEXTBEFORE(_xlfn.TEXTSPLIT(A54,CHAR(10),,TRUE),"1")} -> La mÙme vert-de-gris | J54: {=_xlfn.TEXTAFTER(_xlfn.TEXTSPLIT($A$2,CHAR(10),,TRUE)," ",-1)} -> #VALUE! | K54: =RIGHT(C54,LEN(C54)-FIND(" ",C54))&" "&LEFT(C54,FIND(" ",C54)-1) -> Borderie Bernard | L54: * | N54: * | O54: Borderie Bernard
A55: Hitler, connais pas (1963) _x000B_Si j'étais un espion (1967) _x000B_Les Valseuses (1974)_x000B_Calmos (1976) _x000B_Préparez vos mouchoirs (1978)_x000B_Buffet froid (1979)_x000B_Beau-pere (1981) _x000B_La Femme de mon pote (1983) _x000B_Notre histoire (1984)_x000B_Tenue de soirée (1986)_x000B_Trop belle pour toi (1989)_x000B_Merci la vie (1991)_x000B_Un deux trois soleil (1993)_x000B_Mon homme (1996) _x000B_Les Acteurs (2000) _x000B_Les CÙtelettes (2003)_x000B_Combien tu m'aimes? (2005) | C55: Bertrand Blier | D55: {=_xlfn.LET(_xlpm.X,TRIM(SUBSTITUTE(C55,"-"," ")), _xlpm.nbr, LEN(_xlpm.X)+1-LEN(SUBSTITUTE(_xlpm.X," ","")),IF(_xlpm.nbr=3,TRIM(C55),""))} | E55: {=_xlfn.LET(_xlpm.X,TRIM(SUBSTITUTE(C55,"-"," ")), _xlpm.nbr, LEN(_xlpm.X)+1-LEN(SUBSTITUTE(_xlpm.X," ","")),IF(_xlpm.nbr=3,TRIM(C55),""))} | F55: =LEN(C55)-LEN(SUBSTITUTE(C55,"-","")) -> 0 | G55: =LEN(C55)-LEN(SUBSTITUTE(C55," ","")) -> 1 | H55: ='Films français.tab'!$C$1 -> Réalisateur | I55: {=_xlfn.TEXTBEFORE(_xlfn.TEXTSPLIT(A55,CHAR(10),,TRUE),"1")} -> Hitler, connais pas ( | J55: {=_xlfn.TEXTAFTER(_xlfn.TEXTSPLIT($A$2,CHAR(10),,TRUE)," ",-1)} -> #VALUE! | K55: =RIGHT(C55,LEN(C55)-FIND(" ",C55))&" "&LEFT(C55,FIND(" ",C55)-1) -> Blier Bertrand | L55: * | N55: ** | O55: Blier Bertrand | Q55: 60/70
A56: Léhorloger de St Paul 1974_x000B_Que la féte commence 1974_x000B_Le juge et léassassin 1976_x000B_Des enfants g‚tés 1977_x000B_La mort en direct 1980_x000B_Une semaine de vacances 1980_x000B_Coup de torchon 1981_x000B_Un dimanche ‡ la campagne 1984_x000B_eRound midnight 1986_x000B_La passion Béatrice 1987_x000B_La vie et rien déautre 1989_x000B_Daddy nostalgie 1990_x000B_La guerre sans nom 1992_x000B_L. 627 1992_x000B_La fille de déArtagnan 1994_x000B_Léapp‚t 1995_x000B_Capitaine Conan 1996_x000B_Laissez-passez 2002_x000B_Holy Lola 2004_x000B__x000B_ | C56: Bertrand Tavernier | D56: {=_xlfn.LET(_xlpm.X,TRIM(SUBSTITUTE(C56,"-"," ")), _xlpm.nbr, LEN(_xlpm.X)+1-LEN(SUBSTITUTE(_xlpm.X," ","")),IF(_xlpm.nbr=3,TRIM(C56),""))} | E56: {=_xlfn.LET(_xlpm.X,TRIM(SUBSTITUTE(C56,"-"," ")), _xlpm.nbr, LEN(_xlpm.X)+1-LEN(SUBSTITUTE(_xlpm.X," ","")),IF(_xlpm.nbr=3,TRIM(C56),""))} | F56: =LEN(C56)-LEN(SUBSTITUTE(C56,"-","")) -> 0 | G56: =LEN(C56)-LEN(SUBSTITUTE(C56," ","")) -> 1 | H56: ='Films français.tab'!$C$1 -> Réalisateur | I56: {=_xlfn.TEXTBEFORE(_xlfn.TEXTSPLIT(A56,CHAR(10),,TRUE),"1")} -> Léhorloger de St Paul | J56: {=_xlfn.TEXTAFTER(_xlfn.TEXTSPLIT($A$2,CHAR(10),,TRUE)," ",-1)} -> #VALUE! | K56: =RIGHT(C56,LEN(C56)-FIND(" ",C56))&" "&LEFT(C56,FIND(" ",C56)-1) -> Tavernier Bertrand | L56: * | N56: ** | O56: Tavernier Bertrand | Q56: 70/80
C57: Jean Yanne | D57: {=_xlfn.LET(_xlpm.X,TRIM(SUBSTITUTE(C57,"-"," ")), _xlpm.nbr, LEN(_xlpm.X)+1-LEN(SUBSTITUTE(_xlpm.X," ","")),IF(_xlpm.nbr=3,TRIM(C57),""))} | E57: {=_xlfn.LET(_xlpm.X,TRIM(SUBSTITUTE(C57,"-"," ")), _xlpm.nbr, LEN(_xlpm.X)+1-LEN(SUBSTITUTE(_xlpm.X," ","")),IF(_xlpm.nbr=3,TRIM(C57),""))} | F57: =LEN(C57)-LEN(SUBSTITUTE(C57,"-","")) -> 0 | G57: =LEN(C57)-LEN(SUBSTITUTE(C57," ","")) -> 1 | H57: ='Films français.tab'!$C$1 -> Réalisateur | I57: {=_xlfn.TEXTBEFORE(_xlfn.TEXTSPLIT(A57,CHAR(10),,TRUE),"1")} -> #VALUE! | J57: {=_xlfn.TEXTAFTER(_xlfn.TEXTSPLIT($A$2,CHAR(10),,TRUE)," ",-1)} -> #VALUE! | K57: =RIGHT(C57,LEN(C57)-FIND(" ",C57))&" "&LEFT(C57,FIND(" ",C57)-1) -> Yanne Jean | O57: Yanne Jean
C58: José Giovanni | D58: {=_xlfn.LET(_xlpm.X,TRIM(SUBSTITUTE(C58,"-"," ")), _xlpm.nbr, LEN(_xlpm.X)+1-LEN(SUBSTITUTE(_xlpm.X," ","")),IF(_xlpm.nbr=3,TRIM(C58),""))} | E58: {=_xlfn.LET(_xlpm.X,TRIM(SUBSTITUTE(C58,"-"," ")), _xlpm.nbr, LEN(_xlpm.X)+1-LEN(SUBSTITUTE(_xlpm.X," ","")),IF(_xlpm.nbr=3,TRIM(C58),""))} | F58: =LEN(C58)-LEN(SUBSTITUTE(C58,"-","")) -> 0 | G58: =LEN(C58)-LEN(SUBSTITUTE(C58," ","")) -> 1 | H58: ='Films français.tab'!$C$1 -> Réalisateur | I58: {=_xlfn.TEXTBEFORE(_xlfn.TEXTSPLIT(A58,CHAR(10),,TRUE),"1")} -> #VALUE! | J58: {=_xlfn.TEXTAFTER(_xlfn.TEXTSPLIT($A$2,CHAR(10),,TRUE)," ",-1)} -> #VALUE! | K58: =RIGHT(C58,LEN(C58)-FIND(" ",C58))&" "&LEFT(C58,FIND(" ",C58)-1) -> Giovanni José | L58: * | N58: * | O58: Giovanni José
C59: Marco Ferreri | D59: {=_xlfn.LET(_xlpm.X,TRIM(SUBSTITUTE(C59,"-"," ")), _xlpm.nbr, LEN(_xlpm.X)+1-LEN(SUBSTITUTE(_xlpm.X," ","")),IF(_xlpm.nbr=3,TRIM(C59),""))} | E59: {=_xlfn.LET(_xlpm.X,TRIM(SUBSTITUTE(C59,"-"," ")), _xlpm.nbr, LEN(_xlpm.X)+1-LEN(SUBSTITUTE(_xlpm.X," ","")),IF(_xlpm.nbr=3,TRIM(C59),""))} | F59: =LEN(C59)-LEN(SUBSTITUTE(C59,"-","")) -> 0 | G59: =LEN(C59)-LEN(SUBSTITUTE(C59," ","")) -> 1 | H59: ='Films français.tab'!$C$1 -> Réalisateur | I59: {=_xlfn.TEXTBEFORE(_xlfn.TEXTSPLIT(A59,CHAR(10),,TRUE),"1")} -> #VALUE! | J59: {=_xlfn.TEXTAFTER(_xlfn.TEXTSPLIT($A$2,CHAR(10),,TRUE)," ",-1)} -> #VALUE! | K59: =RIGHT(C59,LEN(C59)-FIND(" ",C59))&" "&LEFT(C59,FIND(" ",C59)-1) -> Ferreri Marco | N59: * | O59: Ferreri Marco
A60: Roberto Succo_x000B_Feux rouges | C60: Cedric Kahn | D60: {=_xlfn.LET(_xlpm.X,TRIM(SUBSTITUTE(C60,"-"," ")), _xlpm.nbr, LEN(_xlpm.X)+1-LEN(SUBSTITUTE(_xlpm.X," ","")),IF(_xlpm.nbr=3,TRIM(C60),""))} | E60: {=_xlfn.LET(_xlpm.X,TRIM(SUBSTITUTE(C60,"-"," ")), _xlpm.nbr, LEN(_xlpm.X)+1-LEN(SUBSTITUTE(_xlpm.X," ","")),IF(_xlpm.nbr=3,TRIM(C60),""))} | F60: =LEN(C60)-LEN(SUBSTITUTE(C60,"-","")) -> 0 | G60: =LEN(C60)-LEN(SUBSTITUTE(C60," ","")) -> 1 | H60: ='Films français.tab'!$C$1 -> Réalisateur | I60: {=_xlfn.TEXTBEFORE(_xlfn.TEXTSPLIT(A60,CHAR(10),,TRUE),"1")} -> #N/A | J60: {=_xlfn.TEXTAFTER(_xlfn.TEXTSPLIT($A$2,CHAR(10),,TRUE)," ",-1)} -> #VALUE! | K60: =RIGHT(C60,LEN(C60)-FIND(" ",C60))&" "&LEFT(C60,FIND(" ",C60)-1) -> Kahn Cedric | O60: Kahn Cedric | Q60: 90/00
A61: Un air de famille 96_x000B_Léauberge espagnole 02 | C61: Cedric Klapisch | D61: {=_xlfn.LET(_xlpm.X,TRIM(SUBSTITUTE(C61,"-"," ")), _xlpm.nbr, LEN(_xlpm.X)+1-LEN(SUBSTITUTE(_xlpm.X," ","")),IF(_xlpm.nbr=3,TRIM(C61),""))} | E61: {=_xlfn.LET(_xlpm.X,TRIM(SUBSTITUTE(C61,"-"," ")), _xlpm.nbr, LEN(_xlpm.X)+1-LEN(SUBSTITUTE(_xlpm.X," ","")),IF(_xlpm.nbr=3,TRIM(C61),""))} | F61: =LEN(C61)-LEN(SUBSTITUTE(C61,"-","")) -> 0 | G61: =LEN(C61)-LEN(SUBSTITUTE(C61," ","")) -> 1 | H61: ='Films français.tab'!$C$1 -> Réalisateur | I61: {=_xlfn.TEXTBEFORE(_xlfn.TEXTSPLIT(A61,CHAR(10),,TRUE),"1")} -> #N/A | J61: {=_xlfn.TEXTAFTER(_xlfn.TEXTSPLIT($A$2,CHAR(10),,TRUE)," ",-1)} -> #VALUE! | K61: =RIGHT(C61,LEN(C61)-FIND(" ",C61))&" "&LEFT(C61,FIND(" ",C61)-1) -> Klapisch Cedric | N61: * | O61: Klapisch Cedric | Q61: 90/00 | R61: *
C62: Maurice Dugowson | D62: {=_xlfn.LET(_xlpm.X,TRIM(SUBSTITUTE(C62,"-"," ")), _xlpm.nbr, LEN(_xlpm.X)+1-LEN(SUBSTITUTE(_xlpm.X," ","")),IF(_xlpm.nbr=3,TRIM(C62),""))} | E62: {=_xlfn.LET(_xlpm.X,TRIM(SUBSTITUTE(C62,"-"," ")), _xlpm.nbr, LEN(_xlpm.X)+1-LEN(SUBSTITUTE(_xlpm.X," ","")),IF(_xlpm.nbr=3,TRIM(C62),""))} | F62: =LEN(C62)-LEN(SUBSTITUTE(C62,"-","")) -> 0 | G62: =LEN(C62)-LEN(SUBSTITUTE(C62," ","")) -> 1 | H62: ='Films français.tab'!$C$1 -> Réalisateur | I62: {=_xlfn.TEXTBEFORE(_xlfn.TEXTSPLIT(A62,CHAR(10),,TRUE),"1")} -> #VALUE! | J62: {=_xlfn.TEXTAFTER(_xlfn.TEXTSPLIT($A$2,CHAR(10),,TRUE)," ",-1)} -> #VALUE! | K62: =RIGHT(C62,LEN(C62)-FIND(" ",C62))&" "&LEFT(C62,FIND(" ",C62)-1) -> Dugowson Maurice | L62: + | O62: Dugowson Maurice | P62: @
C63: Michel Drach | D63: {=_xlfn.LET(_xlpm.X,TRIM(SUBSTITUTE(C63,"-"," ")), _xlpm.nbr, LEN(_xlpm.X)+1-LEN(SUBSTITUTE(_xlpm.X," ","")),IF(_xlpm.nbr=3,TRIM(C63),""))} | E63: {=_xlfn.LET(_xlpm.X,TRIM(SUBSTITUTE(C63,"-"," ")), _xlpm.nbr, LEN(_xlpm.X)+1-LEN(SUBSTITUTE(_xlpm.X," ","")),IF(_xlpm.nbr=3,TRIM(C63),""))} | F63: =LEN(C63)-LEN(SUBSTITUTE(C63,"-","")) -> 0 | G63: =LEN(C63)-LEN(SUBSTITUTE(C63," ","")) -> 1 | H63: ='Films français.tab'!$C$1 -> Réalisateur | I63: {=_xlfn.TEXTBEFORE(_xlfn.TEXTSPLIT(A63,CHAR(10),,TRUE),"1")} -> #VALUE! | J63: {=_xlfn.TEXTAFTER(_xlfn.TEXTSPLIT($A$2,CHAR(10),,TRUE)," ",-1)} -> #VALUE! | K63: =RIGHT(C63,LEN(C63)-FIND(" ",C63))&" "&LEFT(C63,FIND(" ",C63)-1) -> Drach Michel | L63: + | O63: Drach Michel | P63: @
A64: Les disparus de Saint Agil 1938_x000B_Boule de suif 1945_x000B_La chartreuse de Parme 1948_x000B_Fanfan la Tulipe 1952_x000B_Lucrece Borgia 1953_x000B_Mme Du Barry 1954_x000B_Mme Sans-Géne 1961_x000B_La Tulipe Noire 1964_x000B_Le gentleman de Cocody 1964_x000B_Les Pétroleuses 1971 | C64: Christian Jaque | D64: {=_xlfn.LET(_xlpm.X,TRIM(SUBSTITUTE(C64,"-"," ")), _xlpm.nbr, LEN(_xlpm.X)+1-LEN(SUBSTITUTE(_xlpm.X," ","")),IF(_xlpm.nbr=3,TRIM(C64),""))} | E64: {=_xlfn.LET(_xlpm.X,TRIM(SUBSTITUTE(C64,"-"," ")), _xlpm.nbr, LEN(_xlpm.X)+1-LEN(SUBSTITUTE(_xlpm.X," ","")),IF(_xlpm.nbr=3,TRIM(C64),""))} | F64: =LEN(C64)-LEN(SUBSTITUTE(C64,"-","")) -> 0 | G64: =LEN(C64)-LEN(SUBSTITUTE(C64," ","")) -> 1 | H64: ='Films français.tab'!$C$1 -> Réalisateur | I64: {=_xlfn.TEXTBEFORE(_xlfn.TEXTSPLIT(A64,CHAR(10),,TRUE),"1")} -> Les disparus de Saint Agil | J64: {=_xlfn.TEXTAFTER(_xlfn.TEXTSPLIT($A$2,CHAR(10),,TRUE)," ",-1)} -> #VALUE! | K64: =RIGHT(C64,LEN(C64)-FIND(" ",C64))&" "&LEFT(C64,FIND(" ",C64)-1) -> Jaque Christian | L64: * | N64: * | O64: Jaque Christian
A65: Je ne vois pas ce quéon me trouve 97 | C65: Christian Vincent_x000B_ | D65: {=_xlfn.LET(_xlpm.X,TRIM(SUBSTITUTE(C65,"-"," ")), _xlpm.nbr, LEN(_xlpm.X)+1-LEN(SUBSTITUTE(_xlpm.X," ","")),IF(_xlpm.nbr=3,TRIM(C65),""))} | E65: {=_xlfn.LET(_xlpm.X,TRIM(SUBSTITUTE(C65,"-"," ")), _xlpm.nbr, LEN(_xlpm.X)+1-LEN(SUBSTITUTE(_xlpm.X," ","")),IF(_xlpm.nbr=3,TRIM(C65),""))} | F65: =LEN(C65)-LEN(SUBSTITUTE(C65,"-","")) -> 0 | G65: =LEN(C65)-LEN(SUBSTITUTE(C65," ","")) -> 1 | H65: ='Films français.tab'!$C$1 -> Réalisateur | I65: {=_xlfn.TEXTBEFORE(_xlfn.TEXTSPLIT(A65,CHAR(10),,TRUE),"1")} -> #N/A | J65: {=_xlfn.TEXTAFTER(_xlfn.TEXTSPLIT($A$2,CHAR(10),,TRUE)," ",-1)} -> #VALUE! | K65: =RIGHT(C65,LEN(C65)-FIND(" ",C65))&" "&LEFT(C65,FIND(" ",C65)-1) -> Vincent_x000B_ Christian | O65: Vincent Christian | Q65: 90/00 | R65: *
A66: Chocolat (1988)_x000B_Man No Run (1989) _x000B_S'en fout la mort (1990)_x000B_Jacques Rivette, le veilleur (1990) _x000B_Keep It for Yourself (1991) _x000B_Contre l'oubli (1991) _x000B_J'ai pas sommeil (1994) _x000B_Boom-Boom (1994) _x000B_¿ propos de Nice, la suite (1995) _x000B_Nénette et Boni (1996)_x000B_Beau travail (1999)_x000B_Trouble Everyday (2001)_x000B_Vendredi soir (2002)_x000B__x000B_ | C66: Claire Denis | D66: {=_xlfn.LET(_xlpm.X,TRIM(SUBSTITUTE(C66,"-"," ")), _xlpm.nbr, LEN(_xlpm.X)+1-LEN(SUBSTITUTE(_xlpm.X," ","")),IF(_xlpm.nbr=3,TRIM(C66),""))} | E66: {=_xlfn.LET(_xlpm.X,TRIM(SUBSTITUTE(C66,"-"," ")), _xlpm.nbr, LEN(_xlpm.X)+1-LEN(SUBSTITUTE(_xlpm.X," ","")),IF(_xlpm.nbr=3,TRIM(C66),""))} | F66: =LEN(C66)-LEN(SUBSTITUTE(C66,"-","")) -> 0 | G66: =LEN(C66)-LEN(SUBSTITUTE(C66," ","")) -> 1 | H66: ='Films français.tab'!$C$1 -> Réalisateur | I66: {=_xlfn.TEXTBEFORE(_xlfn.TEXTSPLIT(A66,CHAR(10),,TRUE),"1")} -> Chocolat ( | J66: {=_xlfn.TEXTAFTER(_xlfn.TEXTSPLIT($A$2,CHAR(10),,TRUE)," ",-1)} -> #VALUE! | K66: =RIGHT(C66,LEN(C66)-FIND(" ",C66))&" "&LEFT(C66,FIND(" ",C66)-1) -> Denis Claire | N66: ** | O66: Denis Claire
C67: Michel Hazanavicius | D67: {=_xlfn.LET(_xlpm.X,TRIM(SUBSTITUTE(C67,"-"," ")), _xlpm.nbr, LEN(_xlpm.X)+1-LEN(SUBSTITUTE(_xlpm.X," ","")),IF(_xlpm.nbr=3,TRIM(C67),""))} | E67: {=_xlfn.LET(_xlpm.X,TRIM(SUBSTITUTE(C67,"-"," ")), _xlpm.nbr, LEN(_xlpm.X)+1-LEN(SUBSTITUTE(_xlpm.X," ","")),IF(_xlpm.nbr=3,TRIM(C67),""))} | F67: =LEN(C67)-LEN(SUBSTITUTE(C67,"-","")) -> 0 | G67: =LEN(C67)-LEN(SUBSTITUTE(C67," ","")) -> 1 | H67: ='Films français.tab'!$C$1 -> Réalisateur | I67: {=_xlfn.TEXTBEFORE(_xlfn.TEXTSPLIT(A67,CHAR(10),,TRUE),"1")} -> #VALUE! | J67: {=_xlfn.TEXTAFTER(_xlfn.TEXTSPLIT($A$2,CHAR(10),,TRUE)," ",-1)} -> #VALUE! | K67: =RIGHT(C67,LEN(C67)-FIND(" ",C67))&" "&LEFT(C67,FIND(" ",C67)-1) -> Hazanavicius Michel | N67: **
A68: Les baisers (1963) _x000B_La chance et l'amour (1964) _x000B_Le poulet (1965) _x000B_Le Vieil homme et l'enfant (1967)_x000B_Mazel Tov ou le marriage (1969) _x000B_Le pistonné (1970) _x000B_Le cinéma de papa (1970) _x000B_Le Sex Shop (1973) _x000B_La m‚le du siecle (1975) _x000B_La premiere fois (1976) _x000B_Un moment d'égarement (1977) _x000B_¿ nous deux (1979) _x000B_Je vous aime (1980)_x000B_Le Maitre d'école (1981) _x000B_Tchao pantin (1983) _x000B_Jean de Florette (1986)_x000B_Manon des sources (1986)_x000B_Uranus (1990) _x000B_Germinal (1993)_x000B_Lucie Aubrac (1997)_x000B_La Débandade (1999) _x000B_Une femme de ménage (2002) | C68: Claude Berri | D68: {=_xlfn.LET(_xlpm.X,TRIM(SUBSTITUTE(C68,"-"," ")), _xlpm.nbr, LEN(_xlpm.X)+1-LEN(SUBSTITUTE(_xlpm.X," ","")),IF(_xlpm.nbr=3,TRIM(C68),""))} | E68: {=_xlfn.LET(_xlpm.X,TRIM(SUBSTITUTE(C68,"-"," ")), _xlpm.nbr, LEN(_xlpm.X)+1-LEN(SUBSTITUTE(_xlpm.X," ","")),IF(_xlpm.nbr=3,TRIM(C68),""))} | F68: =LEN(C68)-LEN(SUBSTITUTE(C68,"-","")) -> 0 | G68: =LEN(C68)-LEN(SUBSTITUTE(C68," ","")) -> 1 | H68: ='Films français.tab'!$C$1 -> Réalisateur | I68: {=_xlfn.TEXTBEFORE(_xlfn.TEXTSPLIT(A68,CHAR(10),,TRUE),"1")} -> Les baisers ( | J68: {=_xlfn.TEXTAFTER(_xlfn.TEXTSPLIT($A$2,CHAR(10),,TRUE)," ",-1)} -> #VALUE! | K68: =RIGHT(C68,LEN(C68)-FIND(" ",C68))&" "&LEFT(C68,FIND(" ",C68)-1) -> Berri Claude | L68: * | N68: ** | O68: Berri Claude
A69: Le beau Serge 1958_x000B_Les cousins 1959_x000B_Les bonnes femmes 1960_x000B_Landru 1963_x000B_La ligne de démarcation 1966_x000B_Le scandale 1967_x000B_Les biches 1968_x000B_La femme infidele 1969_x000B_Que la béte meure ! 1969_x000B_Le boucher 1970_x000B_La décade prodigieuse 1971_x000B_Docteur Popaul 1972_x000B_Les noces rouges 1973_x000B_Les innocents aux mains sales 1975_x000B_Les folies bourgeoises 1976_x000B_Alice ou la derniere fugue 1977_x000B_Violette Nozieres 1978_x000B_Les fantÙmes du chapelier 1982_x000B_Poulet au vinaigre 1985_x000B_Masques 1987_x000B_Docteur M; 1990_x000B_Mme Bovary 1991_x000B_Betty 1992_x000B_Léenfer 1994_x000B_La cérémonie 1995 | C69: Claude Chabrol | D69: {=_xlfn.LET(_xlpm.X,TRIM(SUBSTITUTE(C69,"-"," ")), _xlpm.nbr, LEN(_xlpm.X)+1-LEN(SUBSTITUTE(_xlpm.X," ","")),IF(_xlpm.nbr=3,TRIM(C69),""))} | E69: {=_xlfn.LET(_xlpm.X,TRIM(SUBSTITUTE(C69,"-"," ")), _xlpm.nbr, LEN(_xlpm.X)+1-LEN(SUBSTITUTE(_xlpm.X," ","")),IF(_xlpm.nbr=3,TRIM(C69),""))} | F69: =LEN(C69)-LEN(SUBSTITUTE(C69,"-","")) -> 0 | G69: =LEN(C69)-LEN(SUBSTITUTE(C69," ","")) -> 1 | H69: ='Films français.tab'!$C$1 -> Réalisateur | I69: {=_xlfn.TEXTBEFORE(_xlfn.TEXTSPLIT(A69,CHAR(10),,TRUE),"1")} -> Le beau Serge | J69: {=_xlfn.TEXTAFTER(_xlfn.TEXTSPLIT($A$2,CHAR(10),,TRUE)," ",-1)} -> #VALUE! | K69: =RIGHT(C69,LEN(C69)-FIND(" ",C69))&" "&LEFT(C69,FIND(" ",C69)-1) -> Chabrol Claude | L69: * | N69: ** | O69: Chabrol Claude | Q69: 60/70
C70: Nina Companeez | D70: {=_xlfn.LET(_xlpm.X,TRIM(SUBSTITUTE(C70,"-"," ")), _xlpm.nbr, LEN(_xlpm.X)+1-LEN(SUBSTITUTE(_xlpm.X," ","")),IF(_xlpm.nbr=3,TRIM(C70),""))} | E70: {=_xlfn.LET(_xlpm.X,TRIM(SUBSTITUTE(C70,"-"," ")), _xlpm.nbr, LEN(_xlpm.X)+1-LEN(SUBSTITUTE(_xlpm.X," ","")),IF(_xlpm.nbr=3,TRIM(C70),""))} | F70: =LEN(C70)-LEN(SUBSTITUTE(C70,"-","")) -> 0 | G70: =LEN(C70)-LEN(SUBSTITUTE(C70," ","")) -> 1 | H70: ='Films français.tab'!$C$1 -> Réalisateur | I70: {=_xlfn.TEXTBEFORE(_xlfn.TEXTSPLIT(A70,CHAR(10),,TRUE),"1")} -> #VALUE! | J70: {=_xlfn.TEXTAFTER(_xlfn.TEXTSPLIT($A$2,CHAR(10),,TRUE)," ",-1)} -> #VALUE! | K70: =RIGHT(C70,LEN(C70)-FIND(" ",C70))&" "&LEFT(C70,FIND(" ",C70)-1) -> Companeez Nina | L70: + | O70: Companeez Nina | P70: @
A71: LéAmour avec des si (1962) _x000B_Une fille et des fusils (1964) _x000B_Jean-Paul Belmondo (1965) _x000B_Les Grands moments (1965) _x000B_Un homme et une femme (1966)_x000B_Loin du Vietnam (1967) _x000B_Vivre pour vivre (1967) _x000B_13 jours en France (1968) _x000B_Un homme qui me plait (1969) _x000B_La Vie, l'amour, la mort (1969) _x000B_Le Voyou (1970) _x000B_Smic Smac Smoc (1971) _x000B_L'Aventure, c'est l'aventure (1972)_x000B_La Bonne année (1973)_x000B_Visions of Eight (1973) _x000B_Toute une vie (1974)_x000B_Mariage (1974) _x000B_Le chat et la souris (1975) _x000B_Si c'était ‡ refaire (1976)_x000B_Le Bon et les méchants (1976)_x000B_Un autre homme, une autre chance (1977) _x000B_Robert et Robert (1978) _x000B_¿ nous deux (1979)_x000B_Les Uns et les autres (1981)_x000B_…dith et Marcel (1983)_x000B_Viva la vie! (1984) _x000B_Partir, revenir (1985)_x000B_Attention bandits! (1986) _x000B_Un homme et une femme, 20 ans déj‡ (1986) _x000B_Itinéraire d'un enfant g‚té (1988)_x000B_Il y a des jours... et des lunes (1990) _x000B_La Belle histoire (1992) _x000B_Tout ça... pour ça! (1993) _x000B_Lumiere et compagnie (1995)_x000B_Les Misérables (1995)_x000B_Hommes, femmes, mode d'emploi (1996)_x000B_Hasards ou coÔncidences (1998)_x000B_Une pour toutes (1999) _x000B_And Now... Ladies and Gentlemen (2002) | C71: Claude Lelouch | D71: {=_xlfn.LET(_xlpm.X,TRIM(SUBSTITUTE(C71,"-"," ")), _xlpm.nbr, LEN(_xlpm.X)+1-LEN(SUBSTITUTE(_xlpm.X," ","")),IF(_xlpm.nbr=3,TRIM(C71),""))} | E71: {=_xlfn.LET(_xlpm.X,TRIM(SUBSTITUTE(C71,"-"," ")), _xlpm.nbr, LEN(_xlpm.X)+1-LEN(SUBSTITUTE(_xlpm.X," ","")),IF(_xlpm.nbr=3,TRIM(C71),""))} | F71: =LEN(C71)-LEN(SUBSTITUTE(C71,"-","")) -> 0 | G71: =LEN(C71)-LEN(SUBSTITUTE(C71," ","")) -> 1 | H71: ='Films français.tab'!$C$1 -> Réalisateur | I71: {=_xlfn.TEXTBEFORE(_xlfn.TEXTSPLIT(A71,CHAR(10),,TRUE),"1")} -> LéAmour avec des si ( | J71: {=_xlfn.TEXTAFTER(_xlfn.TEXTSPLIT($A$2,CHAR(10),,TRUE)," ",-1)} -> #VALUE! | K71: =RIGHT(C71,LEN(C71)-FIND(" ",C71))&" "&LEFT(C71,FIND(" ",C71)-1) -> Lelouch Claude | L71: * | N71: * | O71: Lelouch Claude | Q71: 60/70
A72: La Meilleure façon de marcher (1976)_x000B_Dites-lui que je l'aime (1977)_x000B_Garde ‡ vue (1981)_x000B_Mortelle randonnée (1983)_x000B_LéEffrontée (1985)_x000B_La Petite voleuse (1989)_x000B_LéAccompagnatrice (1992)_x000B_Le Sourire (1994)_x000B_Les Enfants de Lumiere (1995)_x000B_Lumiere et compagnie (1995)_x000B_La Classe de neige (1998)_x000B_Nana (1998)_x000B_La Chambre des magiciennes (2000)_x000B_Betty Fisher et autres histoires (2001)_x000B_La Petite Lili (2003) | C72: Claude Miller | D72: {=_xlfn.LET(_xlpm.X,TRIM(SUBSTITUTE(C72,"-"," ")), _xlpm.nbr, LEN(_xlpm.X)+1-LEN(SUBSTITUTE(_xlpm.X," ","")),IF(_xlpm.nbr=3,TRIM(C72),""))} | E72: {=_xlfn.LET(_xlpm.X,TRIM(SUBSTITUTE(C72,"-"," ")), _xlpm.nbr, LEN(_xlpm.X)+1-LEN(SUBSTITUTE(_xlpm.X," ","")),IF(_xlpm.nbr=3,TRIM(C72),""))} | F72: =LEN(C72)-LEN(SUBSTITUTE(C72,"-","")) -> 0 | G72: =LEN(C72)-LEN(SUBSTITUTE(C72," ","")) -> 1 | H72: ='Films français.tab'!$C$1 -> Réalisateur | I72: {=_xlfn.TEXTBEFORE(_xlfn.TEXTSPLIT(A72,CHAR(10),,TRUE),"1")} -> La Meilleure façon de marcher ( | J72: {=_xlfn.TEXTAFTER(_xlfn.TEXTSPLIT($A$2,CHAR(10),,TRUE)," ",-1)} -> #VALUE! | K72: =RIGHT(C72,LEN(C72)-FIND(" ",C72))&" "&LEFT(C72,FIND(" ",C72)-1) -> Miller Claude | L72: * | N72: ** | O72: Miller Claude | Q72: 70/80
A73: Le Silencieux (1973)_x000B_La Gifle (1974)_x000B_Le Grand escogriffe (1976)_x000B_L' Homme en colere (1979)_x000B_La Boum (1980)_x000B_La Boum 2 (1982)_x000B_La 7eme cible (1984)_x000B_L' …tudiante (1988)_x000B_La Neige et le feu (1991)_x000B_Cache Cash (1994)_x000B_Les Palmes de M. Schutz (1997) | C73: Claude Pinoteau | D73: {=_xlfn.LET(_xlpm.X,TRIM(SUBSTITUTE(C73,"-"," ")), _xlpm.nbr, LEN(_xlpm.X)+1-LEN(SUBSTITUTE(_xlpm.X," ","")),IF(_xlpm.nbr=3,TRIM(C73),""))} | E73: {=_xlfn.LET(_xlpm.X,TRIM(SUBSTITUTE(C73,"-"," ")), _xlpm.nbr, LEN(_xlpm.X)+1-LEN(SUBSTITUTE(_xlpm.X," ","")),IF(_xlpm.nbr=3,TRIM(C73),""))} | F73: =LEN(C73)-LEN(SUBSTITUTE(C73,"-","")) -> 0 | G73: =LEN(C73)-LEN(SUBSTITUTE(C73," ","")) -> 1 | H73: ='Films français.tab'!$C$1 -> Réalisateur | I73: {=_xlfn.TEXTBEFORE(_xlfn.TEXTSPLIT(A73,CHAR(10),,TRUE),"1")} -> Le Silencieux ( | J73: {=_xlfn.TEXTAFTER(_xlfn.TEXTSPLIT($A$2,CHAR(10),,TRUE)," ",-1)} -> #VALUE! | K73: =RIGHT(C73,LEN(C73)-FIND(" ",C73))&" "&LEFT(C73,FIND(" ",C73)-1) -> Pinoteau Claude | N73: * | O73: Pinoteau Claude | Q73: 70/80
A74: Nous n'irons plus au bois (1951) _x000B_Bonjour sourire (1955) _x000B_Classe tous risques (1960) _x000B_L'Arme ‡ gauche (1964) _x000B_Les choses de la vie (1969)_x000B_Max et les ferrailleurs (1971) _x000B_César et Rosalie (1972)_x000B_Vincent, François, Paul...et les autres (1974)_x000B_Mado (1976) _x000B_Une histoire simple (1978) _x000B_Un mauvais fils (1980)_x000B_Garçon! (1983) _x000B_Quelques jours avec moi (1988) _x000B_Un coeur en hiver (1992)_x000B_Nelly & Monsieur Arnaud (1995) | C74: Claude Sautet | D74: {=_xlfn.LET(_xlpm.X,TRIM(SUBSTITUTE(C74,"-"," ")), _xlpm.nbr, LEN(_xlpm.X)+1-LEN(SUBSTITUTE(_xlpm.X," ","")),IF(_xlpm.nbr=3,TRIM(C74),""))} | E74: {=_xlfn.LET(_xlpm.X,TRIM(SUBSTITUTE(C74,"-"," ")), _xlpm.nbr, LEN(_xlpm.X)+1-LEN(SUBSTITUTE(_xlpm.X," ","")),IF(_xlpm.nbr=3,TRIM(C74),""))} | F74: =LEN(C74)-LEN(SUBSTITUTE(C74,"-","")) -> 0 | G74: =LEN(C74)-LEN(SUBSTITUTE(C74," ","")) -> 1 | H74: ='Films français.tab'!$C$1 -> Réalisateur | I74: {=_xlfn.TEXTBEFORE(_xlfn.TEXTSPLIT(A74,CHAR(10),,TRUE),"1")} -> Nous n'irons plus au bois ( | J74: {=_xlfn.TEXTAFTER(_xlfn.TEXTSPLIT($A$2,CHAR(10),,TRUE)," ",-1)} -> #VALUE! | K74: =RIGHT(C74,LEN(C74)-FIND(" ",C74))&" "&LEFT(C74,FIND(" ",C74)-1) -> Sautet Claude | L74: * | N74: ** | O74: Sautet Claude | Q74: 60/70
A75: Les Bidasses en folie (1971)_x000B_Les Fous du stade (1972)_x000B_Le Grand bazar (1973)_x000B_La Moutarde me monte au nez (1974)_x000B_Les Bidasses s'en vont en guerre (1974)_x000B_La Course ‡ l'échalote (1975)_x000B_L'Aile ou la cuisse (1976)_x000B_L'Animal (1977)_x000B_La Zizanie (1978)_x000B_Béte mais discipliné (1979)_x000B_Inspecteur la Bavure (1980)_x000B_Les Sous-doués (1980)_x000B_Les Sous-doués en vacances (1982)_x000B_BanzaÔ (1983)_x000B_Les Ripoux (1984)_x000B_Les Rois du gag (1985)_x000B_Association de malfaiteurs (1987)_x000B_Deux (1989)_x000B_Ripoux contre ripoux (1990)_x000B_La Totale! (1991)_x000B_Profil bas (1994)_x000B_Arlette (1997)_x000B_Astérix et Obélix contre César (1999)_x000B_La Boite (2001)_x000B_Ripoux 3 (2003) | C75: Claude Zidi | D75: {=_xlfn.LET(_xlpm.X,TRIM(SUBSTITUTE(C75,"-"," ")), _xlpm.nbr, LEN(_xlpm.X)+1-LEN(SUBSTITUTE(_xlpm.X," ","")),IF(_xlpm.nbr=3,TRIM(C75),""))} | E75: {=_xlfn.LET(_xlpm.X,TRIM(SUBSTITUTE(C75,"-"," ")), _xlpm.nbr, LEN(_xlpm.X)+1-LEN(SUBSTITUTE(_xlpm.X," ","")),IF(_xlpm.nbr=3,TRIM(C75),""))} | F75: =LEN(C75)-LEN(SUBSTITUTE(C75,"-","")) -> 0 | G75: =LEN(C75)-LEN(SUBSTITUTE(C75," ","")) -> 1 | H75: ='Films français.tab'!$C$1 -> Réalisateur | I75: {=_xlfn.TEXTBEFORE(_xlfn.TEXTSPLIT(A75,CHAR(10),,TRUE),"1")} -> Les Bidasses en folie ( | J75: {=_xlfn.TEXTAFTER(_xlfn.TEXTSPLIT($A$2,CHAR(10),,TRUE)," ",-1)} -> #VALUE! | K75: =RIGHT(C75,LEN(C75)-FIND(" ",C75))&" "&LEFT(C75,FIND(" ",C75)-1) -> Zidi Claude | L75: * | N75: * | O75: Zidi Claude | Q75: 70/80
A76: Mais qu'est ce qu'elles veulent (1977)_x000B_Pourquoi pas! (1977)_x000B_Qu'est-ce qu'on attend pour étre heureux! (1982)_x000B_Trois hommes et un couffin (1985)_x000B_Romuald et Juliette (1989)_x000B_Contre l'oubli (1991)_x000B_La Crise (1992)_x000B_La Belle verte (1996)_x000B_Chaos (2001)_x000B_18 ans apres (2003)_x000B_ | C76: Coline Serreau | D76: {=_xlfn.LET(_xlpm.X,TRIM(SUBSTITUTE(C76,"-"," ")), _xlpm.nbr, LEN(_xlpm.X)+1-LEN(SUBSTITUTE(_xlpm.X," ","")),IF(_xlpm.nbr=3,TRIM(C76),""))} | E76: {=_xlfn.LET(_xlpm.X,TRIM(SUBSTITUTE(C76,"-"," ")), _xlpm.nbr, LEN(_xlpm.X)+1-LEN(SUBSTITUTE(_xlpm.X," ","")),IF(_xlpm.nbr=3,TRIM(C76),""))} | F76: =LEN(C76)-LEN(SUBSTITUTE(C76,"-","")) -> 0 | G76: =LEN(C76)-LEN(SUBSTITUTE(C76," ","")) -> 1 | H76: ='Films français.tab'!$C$1 -> Réalisateur | I76: {=_xlfn.TEXTBEFORE(_xlfn.TEXTSPLIT(A76,CHAR(10),,TRUE),"1")} -> Mais qu'est ce qu'elles veulent ( | J76: {=_xlfn.TEXTAFTER(_xlfn.TEXTSPLIT($A$2,CHAR(10),,TRUE)," ",-1)} -> #VALUE! | K76: =RIGHT(C76,LEN(C76)-FIND(" ",C76))&" "&LEFT(C76,FIND(" ",C76)-1) -> Serreau Coline | N76: * | O76: Serreau Coline
A77: Compartiment tueurs (1965)_x000B_Un homme de trop (1967)_x000B_Z (1969)_x000B_L'Aveu (1970)_x000B_…tat de siege (1973)_x000B_Section spéciale (1975)_x000B_Clair de femme (1979)_x000B_Missing (1982)_x000B_Hanna K. (1983)_x000B_Conseil de famille (1986)_x000B_Betrayed (1988)_x000B_Music Box (1990)_x000B_Contre l'oubli (1991)_x000B_La Petite apocalypse (1993)_x000B_¿ propos de Nice, la suite (1995)_x000B_Lumiere et compagnie (1995)_x000B_Mad City (1997)_x000B_Amen. (2002)_x000B_Le Couperet (2005) | C77: Costa Gavras | D77: {=_xlfn.LET(_xlpm.X,TRIM(SUBSTITUTE(C77,"-"," ")), _xlpm.nbr, LEN(_xlpm.X)+1-LEN(SUBSTITUTE(_xlpm.X," ","")),IF(_xlpm.nbr=3,TRIM(C77),""))} | E77: {=_xlfn.LET(_xlpm.X,TRIM(SUBSTITUTE(C77,"-"," ")), _xlpm.nbr, LEN(_xlpm.X)+1-LEN(SUBSTITUTE(_xlpm.X," ","")),IF(_xlpm.nbr=3,TRIM(C77),""))} | F77: =LEN(C77)-LEN(SUBSTITUTE(C77,"-","")) -> 0 | G77: =LEN(C77)-LEN(SUBSTITUTE(C77," ","")) -> 1 | H77: ='Films français.tab'!$C$1 -> Réalisateur | I77: {=_xlfn.TEXTBEFORE(_xlfn.TEXTSPLIT(A77,CHAR(10),,TRUE),"1")} -> Compartiment tueurs ( | J77: {=_xlfn.TEXTAFTER(_xlfn.TEXTSPLIT($A$2,CHAR(10),,TRUE)," ",-1)} -> #VALUE! | K77: =RIGHT(C77,LEN(C77)-FIND(" ",C77))&" "&LEFT(C77,FIND(" ",C77)-1) -> Gavras Costa | N77: ** | O77: Gavras Costa | Q77: 60/70
C78: Olivier Dahan | D78: {=_xlfn.LET(_xlpm.X,TRIM(SUBSTITUTE(C78,"-"," ")), _xlpm.nbr, LEN(_xlpm.X)+1-LEN(SUBSTITUTE(_xlpm.X," ","")),IF(_xlpm.nbr=3,TRIM(C78),""))} | E78: {=_xlfn.LET(_xlpm.X,TRIM(SUBSTITUTE(C78,"-"," ")), _xlpm.nbr, LEN(_xlpm.X)+1-LEN(SUBSTITUTE(_xlpm.X," ","")),IF(_xlpm.nbr=3,TRIM(C78),""))} | F78: =LEN(C78)-LEN(SUBSTITUTE(C78,"-","")) -> 0 | G78: =LEN(C78)-LEN(SUBSTITUTE(C78," ","")) -> 1 | H78: ='Films français.tab'!$C$1 -> Réalisateur | I78: {=_xlfn.TEXTBEFORE(_xlfn.TEXTSPLIT(A78,CHAR(10),,TRUE),"1")} -> #VALUE! | J78: {=_xlfn.TEXTAFTER(_xlfn.TEXTSPLIT($A$2,CHAR(10),,TRUE)," ",-1)} -> #VALUE! | K78: =RIGHT(C78,LEN(C78)-FIND(" ",C78))&" "&LEFT(C78,FIND(" ",C78)-1) -> Dahan Olivier | O78: Dahan Olivier
C79: Philippe Labro | D79: {=_xlfn.LET(_xlpm.X,TRIM(SUBSTITUTE(C79,"-"," ")), _xlpm.nbr, LEN(_xlpm.X)+1-LEN(SUBSTITUTE(_xlpm.X," ","")),IF(_xlpm.nbr=3,TRIM(C79),""))} | E79: {=_xlfn.LET(_xlpm.X,TRIM(SUBSTITUTE(C79,"-"," ")), _xlpm.nbr, LEN(_xlpm.X)+1-LEN(SUBSTITUTE(_xlpm.X," ","")),IF(_xlpm.nbr=3,TRIM(C79),""))} | F79: =LEN(C79)-LEN(SUBSTITUTE(C79,"-","")) -> 0 | G79: =LEN(C79)-LEN(SUBSTITUTE(C79," ","")) -> 1 | H79: ='Films français.tab'!$C$1 -> Réalisateur | I79: {=_xlfn.TEXTBEFORE(_xlfn.TEXTSPLIT(A79,CHAR(10),,TRUE),"1")} -> #VALUE! | J79: {=_xlfn.TEXTAFTER(_xlfn.TEXTSPLIT($A$2,CHAR(10),,TRUE)," ",-1)} -> #VALUE! | K79: =RIGHT(C79,LEN(C79)-FIND(" ",C79))&" "&LEFT(C79,FIND(" ",C79)-1) -> Labro Philippe | O79: Labro Philippe
C80: Pierre Etaix | D80: {=_xlfn.LET(_xlpm.X,TRIM(SUBSTITUTE(C80,"-"," ")), _xlpm.nbr, LEN(_xlpm.X)+1-LEN(SUBSTITUTE(_xlpm.X," ","")),IF(_xlpm.nbr=3,TRIM(C80),""))} | E80: {=_xlfn.LET(_xlpm.X,TRIM(SUBSTITUTE(C80,"-"," ")), _xlpm.nbr, LEN(_xlpm.X)+1-LEN(SUBSTITUTE(_xlpm.X," ","")),IF(_xlpm.nbr=3,TRIM(C80),""))} | F80: =LEN(C80)-LEN(SUBSTITUTE(C80,"-","")) -> 0 | G80: =LEN(C80)-LEN(SUBSTITUTE(C80," ","")) -> 1 | H80: ='Films français.tab'!$C$1 -> Réalisateur | I80: {=_xlfn.TEXTBEFORE(_xlfn.TEXTSPLIT(A80,CHAR(10),,TRUE),"1")} -> #VALUE! | J80: {=_xlfn.TEXTAFTER(_xlfn.TEXTSPLIT($A$2,CHAR(10),,TRUE)," ",-1)} -> #VALUE! | K80: =RIGHT(C80,LEN(C80)-FIND(" ",C80))&" "&LEFT(C80,FIND(" ",C80)-1) -> Etaix Pierre | O80: Etaix Pierre
A81: La tourneuse de pages 06 | C81: Denis Dercourt | D81: {=_xlfn.LET(_xlpm.X,TRIM(SUBSTITUTE(C81,"-"," ")), _xlpm.nbr, LEN(_xlpm.X)+1-LEN(SUBSTITUTE(_xlpm.X," ","")),IF(_xlpm.nbr=3,TRIM(C81),""))} | E81: {=_xlfn.LET(_xlpm.X,TRIM(SUBSTITUTE(C81,"-"," ")), _xlpm.nbr, LEN(_xlpm.X)+1-LEN(SUBSTITUTE(_xlpm.X," ","")),IF(_xlpm.nbr=3,TRIM(C81),""))} | F81: =LEN(C81)-LEN(SUBSTITUTE(C81,"-","")) -> 0 | G81: =LEN(C81)-LEN(SUBSTITUTE(C81," ","")) -> 1 | H81: ='Films français.tab'!$C$1 -> Réalisateur | I81: {=_xlfn.TEXTBEFORE(_xlfn.TEXTSPLIT(A81,CHAR(10),,TRUE),"1")} -> #N/A | J81: {=_xlfn.TEXTAFTER(_xlfn.TEXTSPLIT($A$2,CHAR(10),,TRUE)," ",-1)} -> #VALUE! | K81: =RIGHT(C81,LEN(C81)-FIND(" ",C81))&" "&LEFT(C81,FIND(" ",C81)-1) -> Dercourt Denis | O81: Dercourt Denis | Q81: 90/00 | R81: *
A82: Les aristocrates 1955_x000B_Les grandes familles 1958_x000B_Rue des prairies 1959_x000B_Un taxi pour Tobrouk 1960_x000B_Le bateau déEmile 1962_x000B_La fabuleuse histoire de Marco Polo 1965_x000B_Le tonnerre deDieu 1965_x000B_Du rifiifi ‡ Paname 1966_x000B_Caroline chérie 1968_x000B_Le tatoué 1968_x000B_Le tueur 1972 | C82: Denys de La Patelliere | D82: {=_xlfn.LET(_xlpm.X,TRIM(SUBSTITUTE(C82,"-"," ")), _xlpm.nbr, LEN(_xlpm.X)+1-LEN(SUBSTITUTE(_xlpm.X," ","")),IF(_xlpm.nbr=3,TRIM(C82),""))} | E82: {=_xlfn.LET(_xlpm.X,TRIM(SUBSTITUTE(C82,"-"," ")), _xlpm.nbr, LEN(_xlpm.X)+1-LEN(SUBSTITUTE(_xlpm.X," ","")),IF(_xlpm.nbr=3,TRIM(C82),""))} | F82: =LEN(C82)-LEN(SUBSTITUTE(C82,"-","")) -> 0 | G82: =LEN(C82)-LEN(SUBSTITUTE(C82," ","")) -> 3 | H82: ='Films français.tab'!$C$1 -> Réalisateur | I82: {=_xlfn.TEXTBEFORE(_xlfn.TEXTSPLIT(A82,CHAR(10),,TRUE),"1")} -> Les aristocrates | J82: {=_xlfn.TEXTAFTER(_xlfn.TEXTSPLIT($A$2,CHAR(10),,TRUE)," ",-1)} -> #VALUE! | K82: =RIGHT(C82,LEN(C82)-FIND(" ",C82))&" "&LEFT(C82,FIND(" ",C82)-1) -> de La Patelliere Denys | L82: * | N82: * | O82: Patelliere Denys | Q82: 50/60
C83: Pierre Kast | D83: {=_xlfn.LET(_xlpm.X,TRIM(SUBSTITUTE(C83,"-"," ")), _xlpm.nbr, LEN(_xlpm.X)+1-LEN(SUBSTITUTE(_xlpm.X," ","")),IF(_xlpm.nbr=3,TRIM(C83),""))} | E83: {=_xlfn.LET(_xlpm.X,TRIM(SUBSTITUTE(C83,"-"," ")), _xlpm.nbr, LEN(_xlpm.X)+1-LEN(SUBSTITUTE(_xlpm.X," ","")),IF(_xlpm.nbr=3,TRIM(C83),""))} | F83: =LEN(C83)-LEN(SUBSTITUTE(C83,"-","")) -> 0 | G83: =LEN(C83)-LEN(SUBSTITUTE(C83," ","")) -> 1 | H83: ='Films français.tab'!$C$1 -> Réalisateur | I83: {=_xlfn.TEXTBEFORE(_xlfn.TEXTSPLIT(A83,CHAR(10),,TRUE),"1")} -> #VALUE! | J83: {=_xlfn.TEXTAFTER(_xlfn.TEXTSPLIT($A$2,CHAR(10),,TRUE)," ",-1)} -> #VALUE! | K83: =RIGHT(C83,LEN(C83)-FIND(" ",C83))&" "&LEFT(C83,FIND(" ",C83)-1) -> Kast Pierre | L83: * | O83: Kast Pierre
A84: Diabolo menthe (1977)_x000B_Cocktail Molotov (1980)_x000B_Coup de foudre (1983)_x000B_Un homme amoureux (1987)_x000B_La Baule-les-Pins (1990)_x000B_Après l'amour (1992)_x000B_¿ la folie (1994)_x000B_Les Enfants du siècle (1999)_x000B_Je reste! (2003)_x000B_L'Anniversaire (2005)_x000B_ | C84: Diane Kurys | D84: {=_xlfn.LET(_xlpm.X,TRIM(SUBSTITUTE(C84,"-"," ")), _xlpm.nbr, LEN(_xlpm.X)+1-LEN(SUBSTITUTE(_xlpm.X," ","")),IF(_xlpm.nbr=3,TRIM(C84),""))} | E84: {=_xlfn.LET(_xlpm.X,TRIM(SUBSTITUTE(C84,"-"," ")), _xlpm.nbr, LEN(_xlpm.X)+1-LEN(SUBSTITUTE(_xlpm.X," ","")),IF(_xlpm.nbr=3,TRIM(C84),""))} | F84: =LEN(C84)-LEN(SUBSTITUTE(C84,"-","")) -> 0 | G84: =LEN(C84)-LEN(SUBSTITUTE(C84," ","")) -> 1 | H84: ='Films français.tab'!$C$1 -> Réalisateur | I84: {=_xlfn.TEXTBEFORE(_xlfn.TEXTSPLIT(A84,CHAR(10),,TRUE),"1")} -> Diabolo menthe ( | J84: {=_xlfn.TEXTAFTER(_xlfn.TEXTSPLIT($A$2,CHAR(10),,TRUE)," ",-1)} -> #VALUE! | K84: =RIGHT(C84,LEN(C84)-FIND(" ",C84))&" "&LEFT(C84,FIND(" ",C84)-1) -> Kurys Diane | O84: Kurys Diane
C85: Pierre Schoendoerffer | D85: {=_xlfn.LET(_xlpm.X,TRIM(SUBSTITUTE(C85,"-"," ")), _xlpm.nbr, LEN(_xlpm.X)+1-LEN(SUBSTITUTE(_xlpm.X," ","")),IF(_xlpm.nbr=3,TRIM(C85),""))} | E85: {=_xlfn.LET(_xlpm.X,TRIM(SUBSTITUTE(C85,"-"," ")), _xlpm.nbr, LEN(_xlpm.X)+1-LEN(SUBSTITUTE(_xlpm.X," ","")),IF(_xlpm.nbr=3,TRIM(C85),""))} | F85: =LEN(C85)-LEN(SUBSTITUTE(C85,"-","")) -> 0 | G85: =LEN(C85)-LEN(SUBSTITUTE(C85," ","")) -> 1 | H85: ='Films français.tab'!$C$1 -> Réalisateur | I85: {=_xlfn.TEXTBEFORE(_xlfn.TEXTSPLIT(A85,CHAR(10),,TRUE),"1")} -> #VALUE! | J85: {=_xlfn.TEXTAFTER(_xlfn.TEXTSPLIT($A$2,CHAR(10),,TRUE)," ",-1)} -> #VALUE! | K85: =RIGHT(C85,LEN(C85)-FIND(" ",C85))&" "&LEFT(C85,FIND(" ",C85)-1) -> Schoendoerffer Pierre | L85: + | N85: * | O85: Schoendoerffer Pierre | P85: @
C86: Pierre Tchernia | D86: {=_xlfn.LET(_xlpm.X,TRIM(SUBSTITUTE(C86,"-"," ")), _xlpm.nbr, LEN(_xlpm.X)+1-LEN(SUBSTITUTE(_xlpm.X," ","")),IF(_xlpm.nbr=3,TRIM(C86),""))} | E86: {=_xlfn.LET(_xlpm.X,TRIM(SUBSTITUTE(C86,"-"," ")), _xlpm.nbr, LEN(_xlpm.X)+1-LEN(SUBSTITUTE(_xlpm.X," ","")),IF(_xlpm.nbr=3,TRIM(C86),""))} | F86: =LEN(C86)-LEN(SUBSTITUTE(C86,"-","")) -> 0 | G86: =LEN(C86)-LEN(SUBSTITUTE(C86," ","")) -> 1 | H86: ='Films français.tab'!$C$1 -> Réalisateur | I86: {=_xlfn.TEXTBEFORE(_xlfn.TEXTSPLIT(A86,CHAR(10),,TRUE),"1")} -> #VALUE! | J86: {=_xlfn.TEXTAFTER(_xlfn.TEXTSPLIT($A$2,CHAR(10),,TRUE)," ",-1)} -> #VALUE! | K86: =RIGHT(C86,LEN(C86)-FIND(" ",C86))&" "&LEFT(C86,FIND(" ",C86)-1) -> Tchernia Pierre | O86: Tchernia Pierre
C87: Robert Guediguian | D87: {=_xlfn.LET(_xlpm.X,TRIM(SUBSTITUTE(C87,"-"," ")), _xlpm.nbr, LEN(_xlpm.X)+1-LEN(SUBSTITUTE(_xlpm.X," ","")),IF(_xlpm.nbr=3,TRIM(C87),""))} | E87: {=_xlfn.LET(_xlpm.X,TRIM(SUBSTITUTE(C87,"-"," ")), _xlpm.nbr, LEN(_xlpm.X)+1-LEN(SUBSTITUTE(_xlpm.X," ","")),IF(_xlpm.nbr=3,TRIM(C87),""))} | F87: =LEN(C87)-LEN(SUBSTITUTE(C87,"-","")) -> 0 | G87: =LEN(C87)-LEN(SUBSTITUTE(C87," ","")) -> 1 | H87: ='Films français.tab'!$C$1 -> Réalisateur | I87: {=_xlfn.TEXTBEFORE(_xlfn.TEXTSPLIT(A87,CHAR(10),,TRUE),"1")} -> #VALUE! | J87: {=_xlfn.TEXTAFTER(_xlfn.TEXTSPLIT($A$2,CHAR(10),,TRUE)," ",-1)} -> #VALUE! | K87: =RIGHT(C87,LEN(C87)-FIND(" ",C87))&" "&LEFT(C87,FIND(" ",C87)-1) -> Guediguian Robert | O87: Guediguian Robert | Q87: 90/00
A88: Harry un ami qui vous veut du bien | C88: Dominik Moll | D88: {=_xlfn.LET(_xlpm.X,TRIM(SUBSTITUTE(C88,"-"," ")), _xlpm.nbr, LEN(_xlpm.X)+1-LEN(SUBSTITUTE(_xlpm.X," ","")),IF(_xlpm.nbr=3,TRIM(C88),""))} | E88: {=_xlfn.LET(_xlpm.X,TRIM(SUBSTITUTE(C88,"-"," ")), _xlpm.nbr, LEN(_xlpm.X)+1-LEN(SUBSTITUTE(_xlpm.X," ","")),IF(_xlpm.nbr=3,TRIM(C88),""))} | F88: =LEN(C88)-LEN(SUBSTITUTE(C88,"-","")) -> 0 | G88: =LEN(C88)-LEN(SUBSTITUTE(C88," ","")) -> 1 | H88: ='Films français.tab'!$C$1 -> Réalisateur | I88: {=_xlfn.TEXTBEFORE(_xlfn.TEXTSPLIT(A88,CHAR(10),,TRUE),"1")} -> #N/A | J88: {=_xlfn.TEXTAFTER(_xlfn.TEXTSPLIT($A$2,CHAR(10),,TRUE)," ",-1)} -> #VALUE! | K88: =RIGHT(C88,LEN(C88)-FIND(" ",C88))&" "&LEFT(C88,FIND(" ",C88)-1) -> Moll Dominik | N88: ** | O88: Moll Dominik | Q88: 90/00 | R88: *
A89: Le Dos au mur (1958)_x000B_Des femmes disparaissent (1959)_x000B_Un témoin dans la ville (1959)_x000B_Une fille pour l'été (1959)_x000B_La Mort de Belle (1961)_x000B_Les Ennemis (1961)_x000B_Les Sept péchés capitaux (1962) _x000B_Arsene Lupin contre Arsene Lupin (1962)_x000B_Une ravissante idiote (1964)_x000B_La chasse ‡ l'homme (1964)_x000B_Quand passent les faisans (1965)_x000B_Oscar (1967)_x000B_Peau d'espion (1967)_x000B_Hibernatus (1969)_x000B_Mon oncle Benjamin (1969)_x000B_La Liberté en croupe (1970)_x000B_Les Aveux les plus doux (1971)_x000B_La Mandarine (1972)_x000B_Le Gang des otages (1972)_x000B_L'Emmerdeur (1973) _x000B_L'Ironie du sort (1973)_x000B_Le Téléphone rose (1975)_x000B_L'Homme pressé (1977)_x000B_Dracula pere et fils (1977)_x000B_La Cage aux folles (1978)_x000B_Cause toujours... tu m'intéresses (1979)_x000B_Sunday Lovers (1980)_x000B_La Cage aux folles II (1980)_x000B_Pour 100 briques t'as plus rien... (1982)_x000B_Just the Way You Are (1984)_x000B_Palace (1985)_x000B_L'Amour en douce (1985)_x000B_¿ gauche en sortant de l'ascenseur (1988)_x000B_Das Schicksal des Freiherrn von Leisenbohg (1991)_x000B_Le Souper (1992)_x000B_Beaumarchais, l'insolent (1996) | C89: Edouard Molinaro | D89: {=_xlfn.LET(_xlpm.X,TRIM(SUBSTITUTE(C89,"-"," ")), _xlpm.nbr, LEN(_xlpm.X)+1-LEN(SUBSTITUTE(_xlpm.X," ","")),IF(_xlpm.nbr=3,TRIM(C89),""))} | E89: {=_xlfn.LET(_xlpm.X,TRIM(SUBSTITUTE(C89,"-"," ")), _xlpm.nbr, LEN(_xlpm.X)+1-LEN(SUBSTITUTE(_xlpm.X," ","")),IF(_xlpm.nbr=3,TRIM(C89),""))} | F89: =LEN(C89)-LEN(SUBSTITUTE(C89,"-","")) -> 0 | G89: =LEN(C89)-LEN(SUBSTITUTE(C89," ","")) -> 1 | H89: ='Films français.tab'!$C$1 -> Réalisateur | I89: {=_xlfn.TEXTBEFORE(_xlfn.TEXTSPLIT(A89,CHAR(10),,TRUE),"1")} -> Le Dos au mur ( | J89: {=_xlfn.TEXTAFTER(_xlfn.TEXTSPLIT($A$2,CHAR(10),,TRUE)," ",-1)} -> #VALUE! | K89: =RIGHT(C89,LEN(C89)-FIND(" ",C89))&" "&LEFT(C89,FIND(" ",C89)-1) -> Molinaro Edouard | L89: * | N89: ** | O89: Molinaro Edouard | Q89: 60/70
C90: Yvan Attal | D90: {=_xlfn.LET(_xlpm.X,TRIM(SUBSTITUTE(C90,"-"," ")), _xlpm.nbr, LEN(_xlpm.X)+1-LEN(SUBSTITUTE(_xlpm.X," ","")),IF(_xlpm.nbr=3,TRIM(C90),""))} | E90: {=_xlfn.LET(_xlpm.X,TRIM(SUBSTITUTE(C90,"-"," ")), _xlpm.nbr, LEN(_xlpm.X)+1-LEN(SUBSTITUTE(_xlpm.X," ","")),IF(_xlpm.nbr=3,TRIM(C90),""))} | F90: =LEN(C90)-LEN(SUBSTITUTE(C90,"-","")) -> 0 | G90: =LEN(C90)-LEN(SUBSTITUTE(C90," ","")) -> 1 | H90: ='Films français.tab'!$C$1 -> Réalisateur | I90: {=_xlfn.TEXTBEFORE(_xlfn.TEXTSPLIT(A90,CHAR(10),,TRUE),"1")} -> #VALUE! | J90: {=_xlfn.TEXTAFTER(_xlfn.TEXTSPLIT($A$2,CHAR(10),,TRUE)," ",-1)} -> #VALUE! | K90: =RIGHT(C90,LEN(C90)-FIND(" ",C90))&" "&LEFT(C90,FIND(" ",C90)-1) -> Attal Yvan | O90: Attal Yvan | Q90: 90/00
C91: Maurice Tourneur | D91: {=_xlfn.LET(_xlpm.X,TRIM(SUBSTITUTE(C91,"-"," ")), _xlpm.nbr, LEN(_xlpm.X)+1-LEN(SUBSTITUTE(_xlpm.X," ","")),IF(_xlpm.nbr=3,TRIM(C91),""))} | E91: {=_xlfn.LET(_xlpm.X,TRIM(SUBSTITUTE(C91,"-"," ")), _xlpm.nbr, LEN(_xlpm.X)+1-LEN(SUBSTITUTE(_xlpm.X," ","")),IF(_xlpm.nbr=3,TRIM(C91),""))} | F91: =LEN(C91)-LEN(SUBSTITUTE(C91,"-","")) -> 0 | G91: =LEN(C91)-LEN(SUBSTITUTE(C91," ","")) -> 1 | H91: ='Films français.tab'!$C$1 -> Réalisateur | I91: {=_xlfn.TEXTBEFORE(_xlfn.TEXTSPLIT(A91,CHAR(10),,TRUE),"1")} -> #VALUE! | J91: {=_xlfn.TEXTAFTER(_xlfn.TEXTSPLIT($A$2,CHAR(10),,TRUE)," ",-1)} -> #VALUE! | K91: =RIGHT(C91,LEN(C91)-FIND(" ",C91))&" "&LEFT(C91,FIND(" ",C91)-1) -> Tourneur Maurice | L91: ** | N91: * | O91: Tourneur Maurice
C92: Agnes Merlet | D92: {=_xlfn.LET(_xlpm.X,TRIM(SUBSTITUTE(C92,"-"," ")), _xlpm.nbr, LEN(_xlpm.X)+1-LEN(SUBSTITUTE(_xlpm.X," ","")),IF(_xlpm.nbr=3,TRIM(C92),""))} | E92: {=_xlfn.LET(_xlpm.X,TRIM(SUBSTITUTE(C92,"-"," ")), _xlpm.nbr, LEN(_xlpm.X)+1-LEN(SUBSTITUTE(_xlpm.X," ","")),IF(_xlpm.nbr=3,TRIM(C92),""))} | F92: =LEN(C92)-LEN(SUBSTITUTE(C92,"-","")) -> 0 | G92: =LEN(C92)-LEN(SUBSTITUTE(C92," ","")) -> 1 | H92: ='Films français.tab'!$C$1 -> Réalisateur | I92: {=_xlfn.TEXTBEFORE(_xlfn.TEXTSPLIT(A92,CHAR(10),,TRUE),"1")} -> #VALUE! | J92: {=_xlfn.TEXTAFTER(_xlfn.TEXTSPLIT($A$2,CHAR(10),,TRUE)," ",-1)} -> #VALUE! | K92: =RIGHT(C92,LEN(C92)-FIND(" ",C92))&" "&LEFT(C92,FIND(" ",C92)-1) -> Merlet Agnes | O92: Merlet Agnes
C93: Agnes Varda | D93: {=_xlfn.LET(_xlpm.X,TRIM(SUBSTITUTE(C93,"-"," ")), _xlpm.nbr, LEN(_xlpm.X)+1-LEN(SUBSTITUTE(_xlpm.X," ","")),IF(_xlpm.nbr=3,TRIM(C93),""))} | E93: {=_xlfn.LET(_xlpm.X,TRIM(SUBSTITUTE(C93,"-"," ")), _xlpm.nbr, LEN(_xlpm.X)+1-LEN(SUBSTITUTE(_xlpm.X," ","")),IF(_xlpm.nbr=3,TRIM(C93),""))} | F93: =LEN(C93)-LEN(SUBSTITUTE(C93,"-","")) -> 0 | G93: =LEN(C93)-LEN(SUBSTITUTE(C93," ","")) -> 1 | H93: ='Films français.tab'!$C$1 -> Réalisateur | I93: {=_xlfn.TEXTBEFORE(_xlfn.TEXTSPLIT(A93,CHAR(10),,TRUE),"1")} -> #VALUE! | J93: {=_xlfn.TEXTAFTER(_xlfn.TEXTSPLIT($A$2,CHAR(10),,TRUE)," ",-1)} -> #VALUE! | K93: =RIGHT(C93,LEN(C93)-FIND(" ",C93))&" "&LEFT(C93,FIND(" ",C93)-1) -> Varda Agnes | N93: * | O93: Varda Agnes
C94: Alain Cavalier | D94: {=_xlfn.LET(_xlpm.X,TRIM(SUBSTITUTE(C94,"-"," ")), _xlpm.nbr, LEN(_xlpm.X)+1-LEN(SUBSTITUTE(_xlpm.X," ","")),IF(_xlpm.nbr=3,TRIM(C94),""))} | E94: {=_xlfn.LET(_xlpm.X,TRIM(SUBSTITUTE(C94,"-"," ")), _xlpm.nbr, LEN(_xlpm.X)+1-LEN(SUBSTITUTE(_xlpm.X," ","")),IF(_xlpm.nbr=3,TRIM(C94),""))} | F94: =LEN(C94)-LEN(SUBSTITUTE(C94,"-","")) -> 0 | G94: =LEN(C94)-LEN(SUBSTITUTE(C94," ","")) -> 1 | H94: ='Films français.tab'!$C$1 -> Réalisateur | I94: {=_xlfn.TEXTBEFORE(_xlfn.TEXTSPLIT(A94,CHAR(10),,TRUE),"1")} -> #VALUE! | J94: {=_xlfn.TEXTAFTER(_xlfn.TEXTSPLIT($A$2,CHAR(10),,TRUE)," ",-1)} -> #VALUE! | K94: =RIGHT(C94,LEN(C94)-FIND(" ",C94))&" "&LEFT(C94,FIND(" ",C94)-1) -> Cavalier Alain | L94: + | N94: * | O94: Cavalier Alain | P94: @
A95: Journal d'un scélérat (1950) _x000B_Présentation ou Charlotte et son steak (1951) _x000B_Bérénice (1954) _x000B_La Sonate ‡ Kreutzer (1956) _x000B_Véronique et son cancre (1958)_x000B_Le Signe du lion (1959)_x000B_La Boulangere de Monceau (1962)_x000B_La Carriere de Suzanne (1963)_x000B_Nadja ‡ Paris (1964) _x000B_Paris vu par... (1965) _x000B_Une étudiante d'aujourd'hui (1966) _x000B_Fermiere ‡ Montfauçon (1967) _x000B_La Collectionneuse (1967)_x000B_Ma nuit chez Maud (1969)_x000B_Le Genou de Claire (1970)_x000B_L'Amour l'apres-midi (1972)_x000B_Die Marquise von OÖ (1976)_x000B_Perceval le Gallois (1978)_x000B_La Femme de l'Aviateur (1980)_x000B_Le Beau mariage (1982)_x000B_Loup y es-tu? (1983) _x000B_Pauline ‡ la plage (1983)_x000B_Les Nuits de la pleine lune (1984)_x000B_Le Rayon vert (1986)_x000B_L'Ami de mon amie (1987)_x000B_4 aventures de Reinette et Mirabelle (1987)_x000B_Conte de printemps (1990)_x000B_Conte d'hiver (1992)_x000B_L'Arbre, le maire et la médiatheque (1993)_x000B_Les Rendez-vous de Paris (1995)_x000B_Conte d'été (1996)_x000B_Conte d'automne (1998)_x000B_L'Anglaise et le duc (2001)_x000B_Triple agent (2004) | C95: Eric Rohmer | D95: {=_xlfn.LET(_xlpm.X,TRIM(SUBSTITUTE(C95,"-"," ")), _xlpm.nbr, LEN(_xlpm.X)+1-LEN(SUBSTITUTE(_xlpm.X," ","")),IF(_xlpm.nbr=3,TRIM(C95),""))} | E95: {=_xlfn.LET(_xlpm.X,TRIM(SUBSTITUTE(C95,"-"," ")), _xlpm.nbr, LEN(_xlpm.X)+1-LEN(SUBSTITUTE(_xlpm.X," ","")),IF(_xlpm.nbr=3,TRIM(C95),""))} | F95: =LEN(C95)-LEN(SUBSTITUTE(C95,"-","")) -> 0 | G95: =LEN(C95)-LEN(SUBSTITUTE(C95," ","")) -> 1 | H95: ='Films français.tab'!$C$1 -> Réalisateur | I95: {=_xlfn.TEXTBEFORE(_xlfn.TEXTSPLIT(A95,CHAR(10),,TRUE),"1")} -> Journal d'un scélérat ( | J95: {=_xlfn.TEXTAFTER(_xlfn.TEXTSPLIT($A$2,CHAR(10),,TRUE)," ",-1)} -> #VALUE! | K95: =RIGHT(C95,LEN(C95)-FIND(" ",C95))&" "&LEFT(C95,FIND(" ",C95)-1) -> Rohmer Eric | N95: ** | O95: Rohmer Eric | Q95: 60/70
C96: Alain Chabat | D96: {=_xlfn.LET(_xlpm.X,TRIM(SUBSTITUTE(C96,"-"," ")), _xlpm.nbr, LEN(_xlpm.X)+1-LEN(SUBSTITUTE(_xlpm.X," ","")),IF(_xlpm.nbr=3,TRIM(C96),""))} | E96: {=_xlfn.LET(_xlpm.X,TRIM(SUBSTITUTE(C96,"-"," ")), _xlpm.nbr, LEN(_xlpm.X)+1-LEN(SUBSTITUTE(_xlpm.X," ","")),IF(_xlpm.nbr=3,TRIM(C96),""))} | F96: =LEN(C96)-LEN(SUBSTITUTE(C96,"-","")) -> 0 | G96: =LEN(C96)-LEN(SUBSTITUTE(C96," ","")) -> 1 | H96: ='Films français.tab'!$C$1 -> Réalisateur | I96: {=_xlfn.TEXTBEFORE(_xlfn.TEXTSPLIT(A96,CHAR(10),,TRUE),"1")} -> #VALUE! | J96: {=_xlfn.TEXTAFTER(_xlfn.TEXTSPLIT($A$2,CHAR(10),,TRUE)," ",-1)} -> #VALUE! | K96: =RIGHT(C96,LEN(C96)-FIND(" ",C96))&" "&LEFT(C96,FIND(" ",C96)-1) -> Chabat Alain | O96: Chabat Alain
A97: La vie révée des anges 98 | C97: Erick Zonco | D97: {=_xlfn.LET(_xlpm.X,TRIM(SUBSTITUTE(C97,"-"," ")), _xlpm.nbr, LEN(_xlpm.X)+1-LEN(SUBSTITUTE(_xlpm.X," ","")),IF(_xlpm.nbr=3,TRIM(C97),""))} | E97: {=_xlfn.LET(_xlpm.X,TRIM(SUBSTITUTE(C97,"-"," ")), _xlpm.nbr, LEN(_xlpm.X)+1-LEN(SUBSTITUTE(_xlpm.X," ","")),IF(_xlpm.nbr=3,TRIM(C97),""))} | F97: =LEN(C97)-LEN(SUBSTITUTE(C97,"-","")) -> 0 | G97: =LEN(C97)-LEN(SUBSTITUTE(C97," ","")) -> 1 | H97: ='Films français.tab'!$C$1 -> Réalisateur | I97: {=_xlfn.TEXTBEFORE(_xlfn.TEXTSPLIT(A97,CHAR(10),,TRUE),"1")} -> #N/A | J97: {=_xlfn.TEXTAFTER(_xlfn.TEXTSPLIT($A$2,CHAR(10),,TRUE)," ",-1)} -> #VALUE! | K97: =RIGHT(C97,LEN(C97)-FIND(" ",C97))&" "&LEFT(C97,FIND(" ",C97)-1) -> Zonco Erick | O97: Zonco Erick | Q97: 90/00 | R97: *
A98: La Vie est un long fleuve tranquille (1988) _x000B_Tatie Danielle (1990)_x000B_Le Bonheur est dans le pré (1995)_x000B_La Famille médicament (2000)_x000B_Scénario sur la drogue (2000) _x000B_Tanguy (2001)_x000B_La Confiance regne (2004) | C98: Etienne Chatiliez | D98: {=_xlfn.LET(_xlpm.X,TRIM(SUBSTITUTE(C98,"-"," ")), _xlpm.nbr, LEN(_xlpm.X)+1-LEN(SUBSTITUTE(_xlpm.X," ","")),IF(_xlpm.nbr=3,TRIM(C98),""))} | E98: {=_xlfn.LET(_xlpm.X,TRIM(SUBSTITUTE(C98,"-"," ")), _xlpm.nbr, LEN(_xlpm.X)+1-LEN(SUBSTITUTE(_xlpm.X," ","")),IF(_xlpm.nbr=3,TRIM(C98),""))} | F98: =LEN(C98)-LEN(SUBSTITUTE(C98,"-","")) -> 0 | G98: =LEN(C98)-LEN(SUBSTITUTE(C98," ","")) -> 1 | H98: ='Films français.tab'!$C$1 -> Réalisateur | I98: {=_xlfn.TEXTBEFORE(_xlfn.TEXTSPLIT(A98,CHAR(10),,TRUE),"1")} -> La Vie est un long fleuve tranquille ( | J98: {=_xlfn.TEXTAFTER(_xlfn.TEXTSPLIT($A$2,CHAR(10),,TRUE)," ",-1)} -> #VALUE! | K98: =RIGHT(C98,LEN(C98)-FIND(" ",C98))&" "&LEFT(C98,FIND(" ",C98)-1) -> Chatiliez Etienne | L98: * | N98: ** | O98: Chatiliez Etienne
C99: Alain Jessua | D99: {=_xlfn.LET(_xlpm.X,TRIM(SUBSTITUTE(C99,"-"," ")), _xlpm.nbr, LEN(_xlpm.X)+1-LEN(SUBSTITUTE(_xlpm.X," ","")),IF(_xlpm.nbr=3,TRIM(C99),""))} | E99: {=_xlfn.LET(_xlpm.X,TRIM(SUBSTITUTE(C99,"-"," ")), _xlpm.nbr, LEN(_xlpm.X)+1-LEN(SUBSTITUTE(_xlpm.X," ","")),IF(_xlpm.nbr=3,TRIM(C99),""))} | F99: =LEN(C99)-LEN(SUBSTITUTE(C99,"-","")) -> 0 | G99: =LEN(C99)-LEN(SUBSTITUTE(C99," ","")) -> 1 | H99: ='Films français.tab'!$C$1 -> Réalisateur | I99: {=_xlfn.TEXTBEFORE(_xlfn.TEXTSPLIT(A99,CHAR(10),,TRUE),"1")} -> #VALUE! | J99: {=_xlfn.TEXTAFTER(_xlfn.TEXTSPLIT($A$2,CHAR(10),,TRUE)," ",-1)} -> #VALUE! | K99: =RIGHT(C99,LEN(C99)-FIND(" ",C99))&" "&LEFT(C99,FIND(" ",C99)-1) -> Jessua Alain | N99: * | O99: Jessua Alain
C100: Alain Tanner | D100: {=_xlfn.LET(_xlpm.X,TRIM(SUBSTITUTE(C100,"-"," ")), _xlpm.nbr, LEN(_xlpm.X)+1-LEN(SUBSTITUTE(_xlpm.X," ","")),IF(_xlpm.nbr=3,TRIM(C100),""))} | E100: {=_xlfn.LET(_xlpm.X,TRIM(SUBSTITUTE(C100,"-"," ")), _xlpm.nbr, LEN(_xlpm.X)+1-LEN(SUBSTITUTE(_xlpm.X," ","")),IF(_xlpm.nbr=3,TRIM(C100),""))} | F100: =LEN(C100)-LEN(SUBSTITUTE(C100,"-","")) -> 0 | G100: =LEN(C100)-LEN(SUBSTITUTE(C100," ","")) -> 1 | H100: ='Films français.tab'!$C$1 -> Réalisateur | I100: {=_xlfn.TEXTBEFORE(_xlfn.TEXTSPLIT(A100,CHAR(10),,TRUE),"1")} -> #VALUE! | J100: {=_xlfn.TEXTAFTER(_xlfn.TEXTSPLIT($A$2,CHAR(10),,TRUE)," ",-1)} -> #VALUE! | K100: =RIGHT(C100,LEN(C100)-FIND(" ",C100))&" "&LEFT(C100,FIND(" ",C100)-1) -> Tanner Alain
...

Sheet Feuil1
A1: Coplan sauve sa peau (1967) _x000B_Cran d'arrét (1970) _x000B_Un condé (1970) _x000B_Saut d'ange (1971) _x000B_L'Attentat (1972) _x000B_R.A.S. (1973)_x000B_Folle ‡ tuer (1975)_x000B_Dupont Lajoie (1975)_x000B_Le Juge Fayard dit le shérif (1977)_x000B_Un taxi mauve (1977) _x000B_La Clé sur la porte (1978) _x000B_La Femme flic (1980)_x000B_Espion, leve-toi (1981)_x000B_Allonsu z'enfants (1981)_x000B_Le Prix du danger (1983) _x000B_Canicule (1984) _x000B_Bleu comme l'enfer (1986) _x000B_La Travestie (1988) _x000B_Radio Corbeau (1989) _x000B_La Tribu (1990) | C1: Yves Boisset | D1: =RIGHT(C1,LEN(C1)-FIND(" ",C1))&" "&LEFT(C1,FIND(" ",C1)-1) -> Boisset Yves | E1: * | G1: ** | H1: Boisset Yves | J1: 60/70
C2: Cedric Clapisch | D2: =RIGHT(C2,LEN(C2)-FIND(" ",C2))&" "&LEFT(C2,FIND(" ",C2)-1) -> Clapisch Cedric | E2: + | G2: ** | H2: Clapisch Cedric | I2: @
A3: La mÙme vert-de-gris 1953_x000B_Les femmes séen balancent 1953_x000B_Le gorille vous salue bien 1958_x000B_La valse du gorille 1959_x000B_Le caÔd 1960_x000B_Lemmy pour les dames 1961_x000B_Les trois mousquetaires : les ferrets de la Reine 1961_x000B_Les trois mousquetaires : la vengeance de Milady 1961_x000B_Rocambole 1962_x000B_Le chevalier de Pardaillan 1962_x000B_Angélique marquise des anges 1964_x000B_Hardi Pardaillan ! 1964_x000B_Merveilleuse Angélique 1965_x000B_Angélique et le Roy 1966_x000B_Indomptable Angélique 1967_x000B_Angélique et le sultan 1968_x000B_ | C3: Bernard Borderie | D3: =RIGHT(C3,LEN(C3)-FIND(" ",C3))&" "&LEFT(C3,FIND(" ",C3)-1) -> Borderie Bernard | E3: * | G3: * | H3: Borderie Bernard
